Workbook
Name Car: #REF!
Name ClosingBOrdinary: 'START HERE'!$G$60
Name ClosingCOrdinary: 'START HERE'!$G$61
Name CompanyDirector: #REF!
Name COMPETING_LVR: #REF!
Name COMPETING_LVR_17: #REF!
Name COMPETING_LVR_18: #REF!
Name COMPETING_LVR_19: #REF!
Name CURRENT_PA_2016: #REF!
Name CURRENT_PA_2017: #REF!
Name CURRENT_PA_2018: #REF!
Name CURRENT_PA_2019: #REF!
Name DateFrom: #REF!
Name DateTo: #REF!
Name DeferredBOrdinary: 'START HERE'!$G$66
Name DeferredCOrdinary: 'START HERE'!$G$67
Name Dividend: #REF!
Name EXCEPTIONAL_LVR: #REF!
Name EXCEPTIONAL_LVR_17: #REF!
Name EXCEPTIONAL_LVR_18: #REF!
Name EXCEPTIONAL_LVR_19: #REF!
Name EXCEPTIONAL_LVR_1906: #REF!
Name EXCEPTIONAL_LVR_1911: #REF!
Name EXCEPTIONAL_LVR_1912: #REF!
Name EXCEPTIONAL_LVR_2003: #REF!
Name Loan: #REF!
Name medical: #REF!
Name NORMAL_LVR: #REF!
Name NORMAL_LVR_17: #REF!
Name NORMAL_LVR_18: #REF!
Name NORMAL_LVR_1906: #REF!
Name NORMAL_LVR_1911: #REF!
Name NORMAL_LVR_1912: #REF!
Name NORMAL_LVR_2003.: #REF!
Name other: #REF!
Name PATax: #REF!
Name PATaxIncome: #REF!
Name PreferenceShare: 'START HERE'!$G$34
Name PrevIncome: #REF!
Name PrevTax: #REF!
Name relocation: #REF!
Name StudentLoan: #REF!
Name taxCredit: #REF!

Sheet START HERE
B3: UK - Worksheet to help you calculate and report capital gains on your 20 March 2026 sale of PA shares to Jacobs
B4: PART A - RUN YOUR PA SHARE TRANSACTION HISTORY TO POPULATE YOUR 20 MARCH 2026 SALE PROCEEDS AND TO ESTABLISH THE BASE COST OF THE PA SHARES YOU SOLD ON 20 MARCH.
B5: 1) Click the link open your PA share history and use the SAVE icon to download it to Excel. Former / non-employees must email shareplans@paconsulting.com to request their report | E5: ShareTransactionHistory User - Power BI | K5: PA | L5: =COUNTIF('Data Share Units'!D:D,'START HERE'!K5) -> 0
B6: 2) Copy (using CTRL-C) and paste (CTRL-V) from your share history report your "20 March 2026 Sale" sheet into the sheet of same name in this excel. When pasting, first select the whole receiving sheet by clicking the square about 1 and to the left of A. This ensures the formulas will flow to this sheet.
A7: =IF(F7>0,"Exchange","") | B7: =IF(A7="Exchange","You need to enter*","3) You can skip this step") -> 3) You can skip this step | D7: =IF(A7="Exchange"," Your total 2 March 2021 B Ordinary shares base cost","") | F7: ='Share Unit Pool'!F7 -> 0
D8: =IF(A7="Exchange"," Your total 2 March 2021 Preference shares base cost","") | F8: ='Share Unit Pool'!G7 -> 0
B9: 4) Copy (using CTRL-C) and paste (CTRL-V) your share history record "Data Share Units" into the sheet of the same name in this excel. When pasting, first select cell A1, then paste. This ensures the formulas will flow to this sheet. | K9: PA (Carlyle) | L9: =COUNTIF('Data Share Units'!D:D,'START HERE'!K9) -> 0
B10: 5) If you have (partner) C Shares copy your share history record "Data C Shares" into the sheet of the same name in this excel, again taking care to into cell A1 | K10: PA (Jacobs) | L10: =COUNTIF('Data Share Units'!D:D,'START HERE'!K10) -> 0
B11: 6) Review and ensure you agree with all share entries and base cost flow in your Share Unit pool (and if applicable C share pool). This is to ensure you report the correct base cost of the shares you sold on 20 March. | L11: =SUM(L5:L10) -> 0
L12: =IF(AND(L9>0,#REF!=""),"Carlyle",IF(AND(L9>0,#REF!="Election part 3"),"Jacobs only","")) -> #REF!
B13: =IF(A7="Exchange",_xlfn._LONGTEXT("*You will have a carried forward (from the Carlyle investment period) base cost for the B Ordinary and Preference shares (Jacobs investment period) you received on 2 March 2021. If you have followed our guidance (or done you own workings) you will be abl","e to find and use your carried forward base cost values from your 2020/21 tax return workings."),"This section is not relevant to you") -> This section is not relevant to you
B14: =IF(A7="Exchange","If you have not calculated the March 2021 base costs, you can use our calcultor to help you know this.","Ignore this link: ") -> Ignore this link: | E14: March 2021 UK CGT calculator
B16: PART B - THE BASE COST OF THE SHARES YOU SOLD ON 20 MARCH 2026 (POPULATES FROM PART A)
B17: Share class | C17: # shares | D17: Total base cost
B18: B Ordinary* | C18: ='Share Unit Pool'!H83 -> 0 | D18: =IF(AND('Share Unit Pool'!$F$7<>0,'START HERE'!$C$7=0,'START HERE'!$C$8=0,'Data Share Units'!B6<>""),"Add to March 2021 worksheet your brought forward base cost",IF('Share Unit Pool'!$F$8>0,'Share Unit Pool'!I83,IF(AND('Share Unit Pool'!$F$7>0,'START HERE'!$C$7>0,'START HERE'!$C$8>0),'Share Unit Pool'!I83,IF(AND('Share Unit Pool'!F7=0,'Share Unit Pool'!F8=0),'Share Unit Pool'!I83,"")))) -> 0 | E18: If you have already worked out your base cost, you can simply overwrite the base cost numbers in blue
B19: Preference* | C19: ='Share Unit Pool'!H84 -> 0 | D19: =IF(AND('Share Unit Pool'!$F$7<>0,'START HERE'!$C$7=0,'START HERE'!$C$8=0,'Data Share Units'!B6<>""),"Add to March 2021 worksheet your brought forward base cost",IF('Share Unit Pool'!$F$8>0,'Share Unit Pool'!I84,IF(AND('Share Unit Pool'!$F$7>0,'START HERE'!$C$7>0,'START HERE'!$C$8>0),'Share Unit Pool'!I84,IF(AND('Share Unit Pool'!F7=0,'Share Unit Pool'!F8=0),'Share Unit Pool'!I84,"")))) -> 0
B20: C Ordinary | C20: ='C Share Pool'!H52 -> 0 | D20: ='C Share Pool'!I52 -> 0
B21: Totals | D21: =SUM(D18:D20) -> 0
B22: *part of the Share Unit
B25: YOUR CLOSING CONSIDERATION (value delivered on 20 March in Jacobs shares and cash paid on 1 April 2026)
B26: Share class | C26: # share sold | D26: Sale price | E26: Sale Value*
B27: B Ordinary | C27: =C18 -> 0 | D27: =IFERROR('20 March 2026 Sale'!C11/'20 March 2026 Sale'!C8,0) -> 0 | E27: =ROUND(C27*D27,2) -> 0
B28: Preference | C28: =C19 -> 0 | D28: =IFERROR('20 March 2026 Sale'!C12/'20 March 2026 Sale'!C9,0) -> 0 | E28: =ROUND(C28*D28,2) -> 0
B29: C Ordinary | C29: =C20 -> 0 | D29: =IFERROR('20 March 2026 Sale'!C13/'20 March 2026 Sale'!C10,0) -> 0 | E29: =ROUND(C29*D29,2) -> 0
D30: Total value | E30: =SUM(E27:E29) -> 0
D31: =IF(E34>0,"80% Delivered in Cash at closing","100% Delivered in cash at closing") -> 100% Delivered in cash at closing | E31: ='20 March 2026 Sale'!C17 -> 0 | F31: A
D32: 20% Delivered in Jacobs Shares at closing | E32: =E34*E33 -> 0 | F32: B
D33: Cost basis of shares issued on the Closing Date | E33: ='20 March 2026 Sale'!C20 -> 0
D34: Number of Jacobs shares received | E34: ='20 March 2026 Sale'!C19 -> 0
B36: YOUR DEFERRED CONSIDERATION (delivery in 2028) | C36: # shares sold | D36: Fixed price | E36: Deferred value
B37: B Ordinary | C37: =C27 -> 0 | D37: =IF(C37>0,E37/C37,"0") -> 0 | E37: ='20 March 2026 Sale'!C23 -> 0
B38: C Ordinary | C38: =C29 -> 0 | D38: =IF(C38>0,E38/C38,"") | E38: ='20 March 2026 Sale'!C25 -> 0
D39: Total deferred value | E39: =SUM(E37:E38) -> 0 | F39: C
B41: Did you elect to receive Purchaser Rollover notes? Or Direct Sale? | E41: ='20 March 2026 Sale'!C30 -> 0 | G41: Purchaser Notes
B43: PART B - YOUR TOTAL PA SHARES SALE VALUE | F43: YOUR TOTAL SALE CONSIDERATION | I43: Your consideration allocation to UK tax years
B44: Class | C44: # shares sold | D44: Per share | E44: Aggregate sale value | F44: Cash paid 1 April 2026 | G44: Jacobs Share value at 20 March 2026 | H44: Deferred due 20 March 2028 | I44: 2025/26 | J44: Year of Jacobs share sale | K44: Totals
B45: B Ordinary | C45: =C18 -> 0 | D45: =D27+D37 -> 0 | E45: =ROUND(C45*D45,2) -> 0 | F45: =IFERROR(F48-F47-F46,0) -> 0 | G45: =G48-G47-G46 -> 0 | H45: ='20 March 2026 Sale'!C23 -> 0 | I45: =IF($E$41=$G$41,SUM(F45,H45),E45) -> 0 | J45: =IF($E$41=$G$41,G45,0) -> 0 | K45: =I45+J45 -> 0
B46: Preference | C46: =C19 -> 0 | D46: =D28 -> 0 | E46: =ROUND(C46*D46,2) -> 0 | F46: =E46 -> 0 | I46: =IF($E$41=$G$41,SUM(F46,H46),E46) -> 0 | J46: =IF($E$41=$G$41,G46,0) -> 0 | K46: =I46+J46 -> 0
B47: C Ordinary | C47: =C20 -> 0 | D47: =IF(C29=0,0,D29+D38) -> 0 | E47: =ROUND(C47*D47,2) -> 0 | F47: =IFERROR(ROUND(E47/SUM(E47,E45)*F49,2),0) -> 0 | G47: =IFERROR(ROUND(F47/SUM(F47,F45)*G49,2),0) -> 0 | H47: ='20 March 2026 Sale'!C25 -> 0 | I47: =IF($E$41=$G$41,SUM(F47,H47),E47) -> 0 | J47: =IF($E$41=$G$41,G47,0) -> 0 | K47: =I47+J47 -> 0
B48: TOTALS | E48: =SUM(E45:E47) -> 0 | F48: ='20 March 2026 Sale'!C17 -> 0 | G48: ='20 March 2026 Sale'!C22 -> 0 | H48: =SUM(H45:H47) -> 0 | I48: =SUM(I45:I47) -> 0 | J48: =SUM(J45:J47) -> 0 | K48: =I48+J48 -> 0 | L48: =E48-K48 -> 0
E49: B and C total cash | F49: =F48-F46 -> 0 | G49: =G48 -> 0 | H49: =E48-F48-G48-H48 -> 0
B50: THE ALLOCATION OF YOUR BASE COST | F50: Base cost is set against | I50: Base cost allocation to UK tax years
B51: Class | E51: Total base cost | F51: =F44 -> Cash paid 1 April 2026 | G51: =G44 -> Jacobs Share value at 20 March 2026 | H51: =H44 -> Deferred due 20 March 2028 | I51: 2025/26 | J51: Year of Jacobs share sale | K51: Totals
B52: B Ordinary | E52: =D18 -> 0 | F52: =IF(E52>0,ROUND($E52*F45/$E45,2),0) -> 0 | G52: =IF(F52>0,ROUND($E52*G45/$E45,2),0) -> 0 | H52: =IF(G52>0,ROUND($E52*H45/$E45,2),0) -> 0 | I52: =IF($E$41=$G$41,SUM(F52,H52),E52) -> 0 | J52: =IF($E$41=$G$41,G52,0) -> 0 | K52: =I52+J52 -> 0
B53: Preference | E53: =D19 -> 0 | F53: =IF(E53>0,ROUND($E53*F46/$E46,2),0) -> 0 | G53: =IF(F53>0,ROUND($E53*G46/$E46,2),0) -> 0 | H53: =IF(G53>0,ROUND($E53*H46/$E46,2),0) -> 0 | I53: =IF($E$41=$G$41,SUM(F53,H53),E53) -> 0 | J53: =IF($E$41=$G$41,G53,0) -> 0 | K53: =I53+J53 -> 0
B54: C Ordinary | E54: =D20 -> 0 | F54: =IF(E54>0,ROUND($E54*F47/$E47,2),0) -> 0 | G54: =IF(F54>0,ROUND($E54*G47/$E47,2),0) -> 0 | H54: =IF(G54>0,ROUND($E54*H47/$E47,2),0) -> 0 | I54: =IF($E$41=$G$41,SUM(F54,H54),E54) -> 0 | J54: =IF($E$41=$G$41,G54,0) -> 0 | K54: =I54+J54 -> 0
B55: TOTALS | E55: =D21 -> 0 | F55: =SUM(F52:F54) -> 0 | G55: =SUM(G52:G54) -> 0 | H55: =SUM(H52:H54) -> 0 | I55: =SUM(I52:I54) -> 0 | J55: =SUM(J52:J54) -> 0 | K55: =I55+J55 -> 0 | L55: =E55-K55 -> 0
B56: The 1 April cash payment (80% of total initial value for Mixed Consideration shareholders) was derived wholly from Preference share value. The B Ordinary (and if held C Ordinary) sale consideration values adjusted to reflect the lower price of Jacobs shares on 20 March 2026 than the fixed price set in the Scheme of Arrangement. | I56: =I48-I55 -> 0 | J56: =J48-J55 -> 0 | K56: =K48-K55 -> 0 | L56: Gains
B59: YOUR EXPECTED 2025/26 POSITION | E59: =IF(E41="Purchaser Notes","You are taxable in 2025/26 on your Closing cash and your total Deferred value (but not on your Jacobs share value).","You are taxable in 2025/26 on all consideration for the sale of your PA shares.") -> You are taxable in 2025/26 on all consideration for the sale of your PA shares.
B60: UK 2025/26 Disposal Proceeds and chargeable gain | C60: At Closing total value | D60: REPORT 2025/26 | E60: LESS: Base cost | G60: 2025/26 Gain
B61: =D31 -> 100% Delivered in cash at closing | C61: =F48 -> 0 | D61: =C61 -> 0 | E61: =F55 -> 0 | G61: =D61-E61 -> 0
B62: =IF(E34>0,D32,"") | C62: =G48 -> 0 | D62: =IF(E41="Purchaser Notes",0,E32) -> 0 | E62: =IF(E41=$G$41,0,G55) -> 0 | G62: =D62-E62 -> 0
B63: Total deferred value | C63: =H48 -> 0 | D63: =C63 -> 0 | E63: =H55 -> 0 | G63: =D63-E63 -> 0
B64: Total value of assets disposed of: | C64: =SUM(C61:C63) -> 0 | D64: =SUM(D61:D63) -> 0 | E64: =SUM(E61:E63) -> 0 | G64: =SUM(G61:G63) -> 0 | H64: Chargable Gains
G65: -3000 | H65: Annual exempt amount
G66: =MAX(0,G64+G65) -> 0 | H66: Taxable gain
D67: Standard of CGT rate is 24% | E67: 0.24 | G67: =G66*E67 -> 0 | H67: Tax due by 31 January 2027
E68: The reduced rate is 18% where you have not already used your basic rate bank against income.
B69: If you are satisfied that your above workings are complete and correct, you can proceeds to the Tax Return 2025-26 worksheet which sets out how to input your sale into the HMRC CGT pages and provides a calculation you can upload to HMRC.
B73: =IF(E41="Purchaser Notes","YOUR EXPECTED LATER TAX YEAR SALE POSITION (AFTER YOU SELL JACOBS SHARES RECEIVED ON 20 MARCH 2026)","You are only taxable when you sell your Jacobs shares on any gain from their 20 March 2026 opening price of £96.02.") -> You are only taxable when you sell your Jacobs shares on any gain from their 20 March 2026 opening price of £96.02.
B74: This section models CGT on the future sale value of your Jacobs shares and how this sale might be reported on your tax return (it assumes no changes to reporting, tax rates and exemptions)
B75: Your future Disposal Proceeds and base cost | D75: Sale value | E75: LESS: Base cost allocted to Jacobs shares | G75: Gain in tax year of sale
B76: Future sale of your Jacobs shares | C76: Shares sold | D76: =IF(E41=G41,E34,0) -> 0
C77: Future sale Consideration | D77: =IF(D76=0,0,E32) -> 0 | E77: =J55 -> 0 | G77: =IFERROR(D77-E77,0) -> 0
C78: Future sale DATE TBC | D78: =IF(D76=0,"",J78) | G78: -3000 | H78: Annual exempt amount | J78: 46558
B79: Illustrative tax on future sale (tax point in tax year of sale) | D79: 0.24 | G79: =MAX(0,(G77+G78)*D79) -> 0
B82: SUPPORTING CALCULATION TO UPLOAD TO HMRC FOR YOUR DECLARATION OF A GAIN IN A LATER TAX YEAR
B83: Sale of shares in Jacobs Solutions Inc
B84: Description of asset: | C84: Date of Sale | D84: Shares Sold | E84: Proceeds | F84: Gain or Loss
B85: Jacobs Common stock | C85: =D78 | D85: =D76 -> 0 | E85: =D77 -> 0 | F85: =G77 -> 0
B88: TOTALS: | D88: =SUM(D85:D87) -> 0 | E88: =SUM(E85:E87) -> 0 | F88: =SUM(F85:F87) -> 0
B96: These guidance notes have been prepared by PA with the help of external adviser and our understanding of the applicable tax legislation in force at the date of publishing. While PA has made every effort to ensure the accuracy of these notes, we cannot accept any responsibility for errors or omissions or for any tax reporting that you make based on the guidance contained herein. The responsibility for ensuring your personal tax affairs are reported accurately remains at all times with you, the taxpayer. If you have any concerns about your tax position, or you do not fully understand your personal tax reporting obligations, you should engage an independent tax adviser.

Sheet Tax Return 2025-26
B2: 2025-26 Tax Return - Capital Gains Tax reporting
B6: Working section to determine if you need to complete the CGT pages (Not to be submitted with your return)
B8: Disposal Proceeds
B9: Sales of shares in PA Consulting Group Limited | C9: =E62 -> 0
B10: Any non-PA chargeable sales you made | C10: 0
B11: Total value of assets disposed of: | C11: =SUM(C9:C10) -> 0
B13: =IF(C11>50000,"You are required to report your disposal on your tax return as your proceeds are more than £50,000", " ")
B14: =IF(C11<50000,"If you’re not registered for Self Assessment you don’t need to do anything, you are only required to report if taxable gains more than £6,000 or elections to be made.","") -> If you’re not registered for Self Assessment you don’t need to do anything, you are only required to report if taxable gains more than £6,000 or elections to be made.
B17: Chargeable gains or losses
B18: =B9 -> Sales of shares in PA Consulting Group Limited | C18: =F62 -> 0
B19: =B10 -> Any non-PA chargeable sales you made | C19: 0
B20: Your total chargeable gains for the year: | C20: =SUM(C18:C19) -> 0
B21: Less: losses from this year:
B22: Less: brought forward losses used this year:
B23: Less: annual exempt amount | C23: -3000
B24: Taxable gain: | C24: =MAX(0,SUM(C20:C23)) -> 0
B25: Your gains tax rate: | C25: ='START HERE'!E67 -> 0.24
B26: =IF(C24>0,"You must report your gains on your tax return.","You only need report where total disposal proceeds are greater than £50,000 or elections being made.") -> You only need report where total disposal proceeds are greater than £50,000 or elections being made.
B27: =IF(C24>0,"Tax due by 31 January 2027 on your gains:","") | C27: =IF(B27="","",ROUND(C24*24%,2)) | E27: =SUM(C23,C20) -> -3000
B30: We recommend that you use the notes below if you are required to report Capital Gains on your tax return.
B32: When reporting Capital Gains on your online tax return HMRC will give you the option of using their worksheet which isn't great for reporting private company shares such as PA shares. A fully prepared worksheet is instead provided below for you.
B34: Information to be reported in the Unlisted shares and securities section
B35: Number of disposals: | E35: =COUNT(C59:C61) -> 0
B36: Disposal Proceeds: | E36: =ROUNDDOWN(E62,0) -> 0
B37: Allowable costs (including purchase price): | E37: =E36-E38 -> 0
B38: Gain in the year before losses: | E38: =ROUNDDOWN(F62,0) -> 0
B39: If you are making an claim or election, put "X" in box: | E39: Leave blank
B40: If your comp. includes estimates/ valuation, put "X" in box: | E40: Leave blank
B42: Information to be reported in the Summary of your Computations section
B43: Total gains: | E43: Automatically completed
B44: Gains Qualifying for Entrepreneur's Relief: | E44: Leave blank for PA shares
B45: Gains Invested under Seed Enterprise Investment Scheme: | E45: Leave blank for PA shares
B46: Total losses of the year: | E46: =C21 -> 0
B47: Do you want to claim to deduct losses from chargeable gains of an earlier year, to claim capital losses against your income of this tax year or the previous year or to deduct income losses of this tax year from capital gains of this tax year?: | E47: You must offset any losses against your gains in the tax year, any excess losses can be carried forward against the first available gains made in the future.
B48: Losses brought forward and used in the year: | E48: =C22 -> 0
B49: Adjustment to Capital Gains Tax: | E49: Leave blank for PA shares
B50: Additional liability in respect of non-resident or dual resident trusts: | E50: Leave blank for PA shares
B51: Deferred gains from before 23 June 2010 qualifying for Entrepreneurs Relief: | E51: Leave blank for PA shares
B52: Losses available to be carried forward to later years: | E52: =IFERROR(IF((#REF!+#REF!+C19-C21+C23)<0,(#REF!+#REF!+C19-C21),0),"-") -> -
B54: This sheet should be upload to the HMRC portal to provide the required details of your taxable gains.
B55: Save a copy of this section into a PDF file, then upload it as part of your return.
H56: Purchaser Notes
B57: Sale of shares in PA Consulting Group Limited | F57: ='Share Unit Pool'!E2 -> 0 | H57: ='20 March 2026 Sale'!C30 -> 0
B58: Description of asset: | C58: Date of Sale | D58: Shares Sold | E58: Proceeds | F58: Gain or Loss | H58: Base cost used 2526 | J58: Class
B59: =IF(D59>0,$J59,"") | C59: =IF(D59=0,"",I59) | D59: ='START HERE'!C45 -> 0 | E59: =MAX(0,'START HERE'!I45) -> 0 | F59: =E59-H59 -> 0 | H59: ='START HERE'!I52 -> 0 | I59: 46101 | J59: B Ordinary | K59: 914 | L59: 917 | M59: 920
B60: =IF(D60>0,$J60,"") | C60: =IF(D60=0,"",I60) | D60: ='START HERE'!C46 -> 0 | E60: =MAX(0,'START HERE'!I46) -> 0 | F60: =E60-H60 -> 0 | H60: ='START HERE'!I53 -> 0 | I60: 46101 | J60: Preference | K60: 915 | L60: 918 | M60: 921
B61: =IF(D61>0,$J61,"") | C61: =IF(D61=0,"",I61) | D61: ='START HERE'!C47 -> 0 | E61: =MAX(0,'START HERE'!I47) -> 0 | F61: =E61-H61 -> 0 | H61: ='START HERE'!I54 -> 0 | I61: 46101 | J61: C Ordinary | K61: 920 | L61: 921
B62: TOTALS: | D62: =SUM(D59:D61) -> 0 | E62: =SUM(E59:E61) -> 0 | F62: =SUM(F59:F61) -> 0 | H62: =SUM(H59:H61) -> 0
B66: =IF(H57=H56,B71,"")
B67: =IF(H57=H56,B72,"")
B70: note if took Purchaser Rollover Notes
B71: Note: For the sale of the above shares in PA Consulting Group Limited, I received Closing consideration in cash and Jacobs shares in March / April 2026 and will receive ascertainable Deferred consideration in cash, in US listed shares, or a mix of both in March 2028. The combined value of the Closing Cash and Deferred consideration has been declared in 2025/26.
B72: The consideration in the form of Jacobs shares was received via a series of rollover Purchaser Loan Notes (structured as non-qualifying corporate bonds) in the company stack in exchange for my PA Consulting Group Limited shares. The series of exchanges qualify for share for share rollover relief under s135 TCGA 1992, on the basis that each company held, or as a consequence of the exchange held, more than 25% of the ordinary share capital in the company. I entered into a valid s431 election on acquisition of my PA Consulting Group Limited shares and at each level of the exchange. The sale transaction was reviewed and confirmed as not being for any tax avoidance motive by HMRC (BAI Clearance & Counteraction Team) under reference CCT/M009/26/NR.
B74: note if you did not take Purchaser Rollover Notes
B75: Note: For the sale of the above shares in PA Consulting Group Limited, I received Closing consideration in cash and Jacobs shares in March / April 2026 and will receive ascertainable Deferred consideration in cash, in US listed shares, or a mix of both in March 2028. The combined value of the Closing Cash, Jacobs opening share value and Deferred consideration has been declared in 2025/26.

Sheet Share Unit Pool
B1: Your PA Share Units Pool (trading is always in 1 B Ordinary and 5.6 [rounded] Preference shares)
B2: Holder name: | E2: ='Data Share Units'!B6 -> 0 | H2: After populating your 'Data Share Units' and if applicable 'Data Cshare' worksheets, you must review and amend if needed the below default entries for your base cost. This is to ensure you report the correct base cost of the shares you sold on 20 March.
B3: Holder reference: | E3: ='Data Share Units'!C6 -> 0 | H3: If you received PA shares in March 2021 through "Exchange from Carlyle period PA shares" (row 7), you must use the March 2021 worksheet to enter your brought forward base cost details
B5: Transaction | C5: Transaction ID B Ordinary | D5: Transaction ID Preference shares | E5: Date | F5: Share Unit comprised of: | H5: Cumulative shares held | K5: Transaction value per share | M5: Total Transaction value | O5: Aggregate base cost per transaction | Q5: Stamp duty purchase cost | R5: Cumulative base cost | T5: Post-transaction cumulative average base cost per share | V5: Base Cost | W5: IMPORTANT NOTES WHICH MIGHT APPLY TO YOU
F6: B Ordinary | G6: Preference shares | H6: B Ordinary | I6: Preference | J6: Market price per Unit | K6: B Ordinary | L6: Preference | M6: B Ordinary | N6: Preference | O6: B Ordinary | P6: Preference | R6: B Ordinary | S6: Preference incl Stamp duty | T6: B Ordinary | U6: Preference | V6: per Share Unit
B7: Exchange from Carlyle period PA shares | C7: 684 | D7: 685 | E7: 44257 | F7: =IFERROR(_xlfn.XLOOKUP(C7,'Data Share Units'!S:S,'Data Share Units'!G:G),0) -> 0 | G7: =IFERROR(_xlfn.XLOOKUP(D7,'Data Share Units'!T:T,'Data Share Units'!H:H),0) -> 0 | H7: =F7 -> 0 | I7: =G7 -> 0 | O7: =IFERROR(F7*T7,0) -> 0 | P7: =IFERROR(G7*U7,0) -> 0 | R7: =IF(F7>0,'START HERE'!C7,0) -> 0 | S7: =IF(G7>0,'START HERE'!C8,0) -> 0 | T7: =IFERROR(R7/H7,0) -> 0 | U7: =IFERROR(S7/I7,0) -> 0 | V7: =IFERROR((R7+S7)/H7,0) -> 0 | W7: Carlyle period shareholders received a mix of cash (taxable in 20/21 year) and new B Ordinary and Preference shares on 2 March. Tax is deferred on new shares until sale.
B8: Cash purchase ('Part 3 election') | C8: 686 | D8: 687 | E8: 44257 | F8: =IFERROR(_xlfn.XLOOKUP(C8,'Data Share Units'!S:S,'Data Share Units'!G:G),0) -> 0 | G8: =IFERROR(_xlfn.XLOOKUP(D8,'Data Share Units'!T:T,'Data Share Units'!H:H),0) -> 0 | H8: =F8+F7 -> 0 | I8: =G8+G7 -> 0 | K8: =_xlfn.XLOOKUP(C8,'Data Share Units'!S:S,'Data Share Units'!I:I,0) -> 0 | L8: =_xlfn.XLOOKUP(D8,'Data Share Units'!T:T,'Data Share Units'!J:J,0) -> 0 | M8: =IF(F8>0,F8*K8,"") | N8: =IF(G8>0,G8*L8,"") | O8: =IFERROR(F8*0.05,0) -> 0 | P8: =IFERROR(G8*1,0) -> 0 | R8: =IF(F8>0,R7+K8*F8,R7) -> 0 | S8: =IF(G8>0,S7+L8*G8,S7) -> 0 | T8: =IFERROR(R8/H8,0) -> 0 | U8: =IFERROR(S8/I8,0) -> 0 | V8: =IFERROR((R8+S8)/H8,0) -> 0 | W8: If you took the 'Part 3 election' you received 100% cash for your legacy Carlyle period shares and invested part of this cash into new B and Ordinary shares. Your base cost is then £0.05 per B Ordinary and £1.00 per Preference share.
B9: 2021/22 Tax year
B10: =IF(F10<0,"Transfer to Spouse",IF(F10>0,"Transfer from spouse","Transfer")) -> Transfer | C10: 693 | D10: 694 | E10: 44294 | F10: =IFERROR(_xlfn.XLOOKUP(C10,'Data Share Units'!S:S,'Data Share Units'!G:G),0) -> 0 | G10: =IFERROR(_xlfn.XLOOKUP(D10,'Data Share Units'!T:T,'Data Share Units'!H:H),0) -> 0 | H10: =IFERROR(H8+F10,0) -> 0 | I10: =IFERROR(I8+G10,0) -> 0 | J10: 5.65 | O10: =IF(F10>0,"Enter Value",IFERROR(F10*T8,0)) -> 0 | P10: =IF(G10>0,"Enter Value",IFERROR(G10*U8,0)) -> 0 | R10: =IF(F10>0,R8+O10,IF(F10<0,R8+F10*T8,IF(O10=0,R8))) -> 0 | S10: =IF(G10>0,S8+P10+Q10,IF(G10<0,S8+G10*U8,IF(P10=0,S8))) -> 0 | T10: =IFERROR(R10/H10,0) -> 0 | U10: =IFERROR(S10/I10,0) -> 0 | V10: =IFERROR((R10+S10)/H10,0) -> 0 | W10: Gifts of shares to spouses take with them the average base cost of the shares held by the Transferor. Spouse should include the highlighted bold aggregate base cost in their own CGT calculation
B11: Earnout consideration | C11: 689 | D11: 690 | E11: 44309 | F11: =IFERROR(_xlfn.XLOOKUP(C11,'Data Share Units'!S:S,'Data Share Units'!G:G),0) -> 0 | G11: =IFERROR(_xlfn.XLOOKUP(D11,'Data Share Units'!T:T,'Data Share Units'!H:H),0) -> 0 | H11: =IFERROR(H10+F11,0) -> 0 | I11: =IFERROR(I10+G11,0) -> 0 | J11: 5.65 | O11: =IF(F11>0,"Enter Value",IFERROR(F11*T9,0)) -> 0 | P11: =IF(G11>0,"Enter Value",IFERROR(G11*U9,0)) -> 0 | Q11: =IFERROR(IF((O11+P11)>1000,CEILING((O11+P11)*0.005,5),0),"") -> 0 | R11: =IF(F11>0,R10+O11,IF(F11<0,R10+F11*T10,IF(O11=0,R10))) -> 0 | S11: =IF(G11>0,S10+P11+Q11,IF(G11<0,S10+G11*U10,IF(P11=0,S10))) -> 0 | T11: =IFERROR(R11/H11,0) -> 0 | U11: =IFERROR(S11/I11,0) -> 0 | V11: =IFERROR((R11+S11)/H11,0) -> 0
B12: Material shareholders sale | C12: 691 | D12: 692 | E12: 44309 | F12: =IFERROR(_xlfn.XLOOKUP(C12,'Data Share Units'!S:S,'Data Share Units'!G:G),0) -> 0 | G12: =IFERROR(_xlfn.XLOOKUP(D12,'Data Share Units'!T:T,'Data Share Units'!H:H),0) -> 0 | H12: =IFERROR(H11+F12,0) -> 0 | I12: =IFERROR(I11+G12,0) -> 0 | J12: 5.65 | K12: =_xlfn.XLOOKUP(C12,'Data Share Units'!S:S,'Data Share Units'!I:I,0) -> 0 | L12: =_xlfn.XLOOKUP(D12,'Data Share Units'!T:T,'Data Share Units'!J:J,0) -> 0 | M12: =IFERROR(K12*F12,0) -> 0 | N12: =IFERROR(L12*G12,0) -> 0 | O12: =IFERROR(F12*T11,0) -> 0 | P12: =IFERROR(G12*U11,0) -> 0 | R12: =IF(F12>0,R11+O12,IF(F12<0,R11+F12*T11,IF(O12=0,R11))) -> 0 | S12: =IF(G12>0,S11+P12+Q12,IF(G12<0,S11+G12*U11,IF(P12=0,S11))) -> 0 | T12: =IFERROR(R12/H12,0) -> 0 | U12: =IFERROR(S12/I12,0) -> 0 | V12: =IFERROR((R12+S12)/H12,0) -> 0
B13: Market Purchase | C13: 695 | D13: 696 | E13: 44344 | F13: =IFERROR(_xlfn.XLOOKUP(C13,'Data Share Units'!S:S,'Data Share Units'!G:G),0) -> 0 | G13: =IFERROR(_xlfn.XLOOKUP(D13,'Data Share Units'!T:T,'Data Share Units'!H:H),0) -> 0 | H13: =IFERROR(H12+F13,0) -> 0 | I13: =IFERROR(I12+G13,0) -> 0 | J13: 5.65 | K13: =_xlfn.XLOOKUP(C13,'Data Share Units'!S:S,'Data Share Units'!I:I,0) -> 0 | L13: =_xlfn.XLOOKUP(D13,'Data Share Units'!T:T,'Data Share Units'!J:J,0) -> 0 | M13: =IFERROR(K13*F13,0) -> 0 | N13: =IFERROR(L13*G13,0) -> 0 | O13: =M13 -> 0 | P13: =N13 -> 0 | Q13: =IFERROR(IF((O13+P13)>1000,CEILING((O13+P13)*0.005,5),0),"") -> 0 | R13: =IF(F13>0,R12+O13,IF(F13<0,R12+F13*T12,IF(O13=0,R12))) -> 0 | S13: =IF(G13>0,S12+P13+Q13,IF(G13<0,S12+G13*U12,IF(P13=0,S12))) -> 0 | T13: =IFERROR(R13/H13,0) -> 0 | U13: =IFERROR(S13/I13,0) -> 0 | V13: =IFERROR((R13+S13)/H13,0) -> 0
B14: Share Award | C14: 697 | D14: 698 | E14: 44344 | F14: =IFERROR(_xlfn.XLOOKUP(C14,'Data Share Units'!S:S,'Data Share Units'!G:G),0) -> 0 | G14: =IFERROR(_xlfn.XLOOKUP(D14,'Data Share Units'!T:T,'Data Share Units'!H:H),0) -> 0 | H14: =IFERROR(H13+F14,0) -> 0 | I14: =IFERROR(I13+G14,0) -> 0 | J14: 5.65 | K14: =_xlfn.XLOOKUP(C14,'Data Share Units'!S:S,'Data Share Units'!I:I,0) -> 0 | L14: =_xlfn.XLOOKUP(D14,'Data Share Units'!T:T,'Data Share Units'!J:J,0) -> 0 | M14: =IFERROR(K14*F14,0) -> 0 | N14: =IFERROR(L14*G14,0) -> 0 | O14: =M14 -> 0 | P14: =N14 -> 0 | Q14: =IFERROR(IF((O14+P14)>1000,CEILING((O14+P14)*0.005,5),0),"") -> 0 | R14: =IF(F14>0,R13+O14,IF(F14<0,R13+F14*T13,IF(O14=0,R13))) -> 0 | S14: =IF(G14>0,S13+P14+Q14,IF(G14<0,S13+G14*U13,IF(P14=0,S13))) -> 0 | T14: =IFERROR(R14/H14,0) -> 0 | U14: =IFERROR(S14/I14,0) -> 0 | V14: =IFERROR((R14+S14)/H14,0) -> 0
B15: Market Sale | C15: 699 | D15: 700 | E15: 44344 | F15: =IFERROR(_xlfn.XLOOKUP(C15,'Data Share Units'!S:S,'Data Share Units'!G:G),0) -> 0 | G15: =IFERROR(_xlfn.XLOOKUP(D15,'Data Share Units'!T:T,'Data Share Units'!H:H),0) -> 0 | H15: =IFERROR(H14+F15,0) -> 0 | I15: =IFERROR(I14+G15,0) -> 0 | J15: 5.65 | K15: =_xlfn.XLOOKUP(C15,'Data Share Units'!S:S,'Data Share Units'!I:I,0) -> 0 | L15: =_xlfn.XLOOKUP(D15,'Data Share Units'!T:T,'Data Share Units'!J:J,0) -> 0 | M15: =IFERROR(K15*F15,0) -> 0 | N15: =IFERROR(L15*G15,0) -> 0 | O15: =IFERROR(F15*T14,0) -> 0 | P15: =G15*U14 -> 0 | R15: =IFERROR(R14+O15,0) -> 0 | S15: =IFERROR(S14+P15,0) -> 0 | T15: =IFERROR(R15/H15,0) -> 0 | U15: =IFERROR(S15/I15,0) -> 0 | V15: =IFERROR((R15+S15)/H15,0) -> 0
B16: Purchase | C16: 701 | D16: 702 | E16: 44370 | F16: =IFERROR(_xlfn.XLOOKUP(C16,'Data Share Units'!S:S,'Data Share Units'!G:G),0) -> 0 | G16: =IFERROR(_xlfn.XLOOKUP(D16,'Data Share Units'!T:T,'Data Share Units'!H:H),0) -> 0 | H16: =IFERROR(H15+F16,0) -> 0 | I16: =IFERROR(I15+G16,0) -> 0 | J16: 5.65 | K16: =_xlfn.XLOOKUP(C16,'Data Share Units'!S:S,'Data Share Units'!I:I,0) -> 0 | L16: =_xlfn.XLOOKUP(D16,'Data Share Units'!T:T,'Data Share Units'!J:J,0) -> 0 | M16: =IFERROR(K16*F16,0) -> 0 | N16: =IFERROR(L16*G16,0) -> 0 | O16: =IFERROR(F16*T15,0) -> 0 | P16: =IFERROR(G16*U15,0) -> 0 | Q16: =IFERROR(IF((O16+P16)>1000,CEILING((O16+P16)*0.005,5),0),"") -> 0 | R16: =IF(F16=0,R15+O16,(R15+O16+(Q16*F16/(F16+G16)))) -> 0 | S16: =IF(G16=0,S15+P16,(S15+P16+(Q16*G16/(G16+F16)))) -> 0 | T16: =IFERROR(R16/H16,0) -> 0 | U16: =IFERROR(S16/I16,0) -> 0 | V16: =IFERROR((R16+S16)/H16,0) -> 0
B17: Sale | C17: 703 | D17: 704 | E17: 44370 | F17: =IFERROR(_xlfn.XLOOKUP(C17,'Data Share Units'!S:S,'Data Share Units'!G:G),0) -> 0 | G17: =IFERROR(_xlfn.XLOOKUP(D17,'Data Share Units'!T:T,'Data Share Units'!H:H),0) -> 0 | H17: =IFERROR(H16+F17,0) -> 0 | I17: =IFERROR(I16+G17,0) -> 0 | J17: 5.65 | K17: =_xlfn.XLOOKUP(C17,'Data Share Units'!S:S,'Data Share Units'!I:I,0) -> 0 | L17: =_xlfn.XLOOKUP(D17,'Data Share Units'!T:T,'Data Share Units'!J:J,0) -> 0 | M17: =IFERROR(K17*F17,0) -> 0 | N17: =IFERROR(L17*G17,0) -> 0 | O17: =IFERROR(F17*T16,0) -> 0 | P17: =G17*U16 -> 0 | R17: =IFERROR(R16+O17,0) -> 0 | S17: =IFERROR(S16+P17,0) -> 0 | T17: =IFERROR(R17/H17,0) -> 0 | U17: =IFERROR(S17/I17,0) -> 0 | V17: =IFERROR((R17+S17)/H17,0) -> 0
B18: =IF(F18<0,"Transfer to Spouse",IF(F18>0,"Transfer from spouse","Transfer")) -> Transfer | C18: 706 | D18: 707 | E18: 44418 | F18: =IFERROR(_xlfn.XLOOKUP(C18,'Data Share Units'!S:S,'Data Share Units'!G:G),0) -> 0 | G18: =IFERROR(_xlfn.XLOOKUP(D18,'Data Share Units'!T:T,'Data Share Units'!H:H),0) -> 0 | H18: =IFERROR(H17+F18,0) -> 0 | I18: =IFERROR(I17+G18,0) -> 0 | J18: 5.65 | O18: =IF(F18>0,"Enter Value",F18*T17) -> 0 | P18: =IF(G18>0,"Enter Value",G18*U17) -> 0 | R18: =IFERROR(R17+O18,0) -> 0 | S18: =IFERROR(S17+P18,0) -> 0 | T18: =IFERROR(R18/H18,0) -> 0 | U18: =IFERROR(S18/I18,0) -> 0 | V18: =IFERROR((R18+S18)/H18,0) -> 0 | W18: Gifts of shares to spouses take with them the average base cost of the shares held by the Transferor. Spouse should include the highlighted bold aggregate base cost in their own CGT calculation
B19: Sale | C19: 709 | D19: 710 | E19: 44540 | F19: =IFERROR(_xlfn.XLOOKUP(C19,'Data Share Units'!S:S,'Data Share Units'!G:G),0) -> 0 | G19: =IFERROR(_xlfn.XLOOKUP(D19,'Data Share Units'!T:T,'Data Share Units'!H:H),0) -> 0 | H19: =IFERROR(H18+F19,0) -> 0 | I19: =IFERROR(I18+G19,0) -> 0 | J19: 5.65 | K19: =_xlfn.XLOOKUP(C19,'Data Share Units'!S:S,'Data Share Units'!I:I,0) -> 0 | L19: =_xlfn.XLOOKUP(D19,'Data Share Units'!T:T,'Data Share Units'!J:J,0) -> 0 | M19: =IFERROR(-K19*F19,0) -> 0 | N19: =IFERROR(-L19*G19,0) -> 0 | O19: =F19*T18 -> 0 | P19: =G19*U18 -> 0 | R19: =IFERROR(R18+O19,0) -> 0 | S19: =IFERROR(S18+P19,0) -> 0 | T19: =IFERROR(R19/H19,0) -> 0 | U19: =IFERROR(S19/I19,0) -> 0 | V19: =IFERROR((R19+S19)/H19,0) -> 0
B20: =IF(F20<0,"Transfer to Spouse",IF(F20>0,"Transfer from spouse","Transfer")) -> Transfer | C20: 717 | D20: 718 | E20: 44553 | F20: =IFERROR(_xlfn.XLOOKUP(C20,'Data Share Units'!S:S,'Data Share Units'!G:G),0) -> 0 | G20: =IFERROR(_xlfn.XLOOKUP(D20,'Data Share Units'!T:T,'Data Share Units'!H:H),0) -> 0 | H20: =IFERROR(H19+F20,0) -> 0 | I20: =IFERROR(I19+G20,0) -> 0 | J20: 5.65 | O20: =IF(F20>0,"Enter Value",F20*T19) -> 0 | P20: =IF(G20>0,"Enter Value",G20*U19) -> 0 | R20: =IFERROR(R19+O20,0) -> 0 | S20: =IFERROR(S19+P20,0) -> 0 | T20: =IFERROR(R20/H20,0) -> 0 | U20: =IFERROR(S20/I20,0) -> 0 | V20: =IFERROR((R20+S20)/H20,0) -> 0 | W20: Gifts of shares to spouses take with them the average base cost of the shares held by the Transferor. Spouse should include the highlighted bold aggregate base cost in their own CGT calculation
B21: =IF(F21<0,"Transfer to Spouse",IF(F21>0,"Transfer from spouse","Transfer")) -> Transfer | C21: 720 | D21: 721 | E21: 44624 | F21: =IFERROR(_xlfn.XLOOKUP(C21,'Data Share Units'!S:S,'Data Share Units'!G:G),0) -> 0 | G21: =IFERROR(_xlfn.XLOOKUP(D21,'Data Share Units'!T:T,'Data Share Units'!H:H),0) -> 0 | H21: =IFERROR(H20+F21,0) -> 0 | I21: =IFERROR(I20+G21,0) -> 0 | J21: 5.65 | O21: =IF(F21>0,"Enter Value",F21*T20) -> 0 | P21: =IF(G21>0,"Enter Value",G21*U20) -> 0 | R21: =IFERROR(R20+O21,0) -> 0 | S21: =IFERROR(S20+P21,0) -> 0 | T21: =IFERROR(R21/H21,0) -> 0 | U21: =IFERROR(S21/I21,0) -> 0 | V21: =IFERROR((R21+S21)/H21,0) -> 0 | W21: Gifts of shares to spouses take with them the average base cost of the shares held by the Transferor. Spouse should include the highlighted bold aggregate base cost in their own CGT calculation
B22: 2022/23 Tax year
B23: Market Purchase | C23: 723 | D23: 724 | E23: 44693 | F23: =IFERROR(_xlfn.XLOOKUP(C23,'Data Share Units'!S:S,'Data Share Units'!G:G),0) -> 0 | G23: =IFERROR(_xlfn.XLOOKUP(D23,'Data Share Units'!T:T,'Data Share Units'!H:H),0) -> 0 | H23: =IFERROR(H21+F23,"") -> 0 | I23: =IFERROR(I21+G23,"") -> 0 | J23: 6.58 | K23: =_xlfn.XLOOKUP(C23,'Data Share Units'!S:S,'Data Share Units'!I:I,0) -> 0 | L23: =_xlfn.XLOOKUP(D23,'Data Share Units'!T:T,'Data Share Units'!J:J,0) -> 0 | M23: =IFERROR(K23*F23,"") -> 0 | N23: =IFERROR(G23*L23,"") -> 0 | O23: =M23 -> 0 | P23: =N23 -> 0 | Q23: =IFERROR(IF((O23+P23)>1000,CEILING((O23+P23)*0.005,5),0),"") -> 0 | R23: =IF(F23>0,R21+O23,IF(F23<0,R21+F23*T21,IF(O23=0,R21))) -> 0 | S23: =IF(G23>0,S21+P23+Q23,IF(G23<0,S21+G23*U21,IF(P23=0,S21))) -> 0 | T23: =IFERROR(R23/H23,0) -> 0 | U23: =IFERROR(S23/I23,0) -> 0 | V23: =IFERROR((R23+S23)/H23,0) -> 0
B24: Share Award | C24: 727 | D24: 728 | E24: 44693 | F24: =IFERROR(_xlfn.XLOOKUP(C24,'Data Share Units'!S:S,'Data Share Units'!G:G),0) -> 0 | G24: =IFERROR(_xlfn.XLOOKUP(D24,'Data Share Units'!T:T,'Data Share Units'!H:H),0) -> 0 | H24: =IFERROR(H23+F24,"") -> 0 | I24: =IFERROR(I23+G24,"") -> 0 | J24: 6.58 | K24: =_xlfn.XLOOKUP(C24,'Data Share Units'!S:S,'Data Share Units'!I:I,0) -> 0 | L24: =_xlfn.XLOOKUP(D24,'Data Share Units'!T:T,'Data Share Units'!J:J,0) -> 0 | M24: =IFERROR(K24*F24,"") -> 0 | N24: =IFERROR(G24*L24,"") -> 0 | O24: =M24 -> 0 | P24: =N24 -> 0 | Q24: =IFERROR(IF((O24+P24)>1000,CEILING((O24+P24)*0.005,5),0),"") -> 0 | R24: =IF(F24>0,R23+O24,IF(F24<0,R23+F24*T23,IF(O24=0,R23))) -> 0 | S24: =IF(G24>0,S23+P24+Q24,IF(G24<0,S23+G24*U23,IF(P24=0,S23))) -> 0 | T24: =IFERROR(R24/H24,0) -> 0 | U24: =IFERROR(S24/I24,0) -> 0 | V24: =IFERROR((R24+S24)/H24,0) -> 0
B25: Earnout | C25: 729 | D25: 730 | E25: 44693 | F25: =IFERROR(_xlfn.XLOOKUP(C25,'Data Share Units'!S:S,'Data Share Units'!G:G),0) -> 0 | G25: =IFERROR(_xlfn.XLOOKUP(D25,'Data Share Units'!T:T,'Data Share Units'!H:H),0) -> 0 | H25: =IFERROR(H24+F25,"") -> 0 | I25: =IFERROR(I24+G25,"") -> 0 | J25: 6.58 | K25: =_xlfn.XLOOKUP(C25,'Data Share Units'!S:S,'Data Share Units'!I:I,0) -> 0 | L25: =_xlfn.XLOOKUP(D25,'Data Share Units'!T:T,'Data Share Units'!J:J,0) -> 0 | M25: =IFERROR(K25*F25,"") -> 0 | N25: =IFERROR(G25*L25,"") -> 0 | O25: =M25 -> 0 | P25: =N25 -> 0 | Q25: =IFERROR(IF((O25+P25)>1000,CEILING((O25+P25)*0.005,5),0),"") -> 0 | R25: =IF(F25>0,R24+O25,IF(F25<0,R24+F25*T24,IF(O25=0,R24))) -> 0 | S25: =IF(G25>0,S24+P25+Q25,IF(G25<0,S24+G25*U24,IF(P25=0,S24))) -> 0 | T25: =IFERROR(R25/H25,0) -> 0 | U25: =IFERROR(S25/I25,0) -> 0 | V25: =IFERROR((R25+S25)/H25,0) -> 0
B26: Market Sale | C26: 725 | D26: 726 | E26: 44693 | F26: =IFERROR(_xlfn.XLOOKUP(C26,'Data Share Units'!S:S,'Data Share Units'!G:G),0) -> 0 | G26: =IFERROR(_xlfn.XLOOKUP(D26,'Data Share Units'!T:T,'Data Share Units'!H:H),0) -> 0 | H26: =IFERROR(H25+F26,"") -> 0 | I26: =IFERROR(I25+G26,"") -> 0 | J26: 6.58 | K26: =_xlfn.XLOOKUP(C26,'Data Share Units'!S:S,'Data Share Units'!I:I,0) -> 0 | L26: =_xlfn.XLOOKUP(D26,'Data Share Units'!T:T,'Data Share Units'!J:J,0) -> 0 | M26: =IFERROR(K26*F26,"") -> 0 | N26: =IFERROR(G26*L26,"") -> 0 | O26: =F26*T25 -> 0 | P26: =G26*U25 -> 0 | R26: =IF(F26>0,R25+O26,IF(F26<0,R25+F26*T25,IF(O26=0,R25))) -> 0 | S26: =IF(G26>0,S25+P26+Q26,IF(G26<0,S25+G26*U25,IF(P26=0,S25))) -> 0 | T26: =IFERROR(R26/H26,0) -> 0 | U26: =IFERROR(S26/I26,0) -> 0 | V26: =IFERROR((R26+S26)/H26,0) -> 0
B27: Sale | C27: 731 | D27: 732 | E27: 44693 | F27: =IFERROR(_xlfn.XLOOKUP(C27,'Data Share Units'!S:S,'Data Share Units'!G:G),0) -> 0 | G27: =IFERROR(_xlfn.XLOOKUP(D27,'Data Share Units'!T:T,'Data Share Units'!H:H),0) -> 0 | H27: =IFERROR(H26+F27,"") -> 0 | I27: =IFERROR(I26+G27,"") -> 0 | J27: 6.58 | K27: =_xlfn.XLOOKUP(C27,'Data Share Units'!S:S,'Data Share Units'!I:I,0) -> 0 | L27: =_xlfn.XLOOKUP(D27,'Data Share Units'!T:T,'Data Share Units'!J:J,0) -> 0 | M27: =IFERROR(K27*F27,"") -> 0 | N27: =IFERROR(G27*L27,"") -> 0 | O27: =F27*T26 -> 0 | P27: =G27*U26 -> 0 | R27: =IF(F27>0,R26+O27,IF(F27<0,R26+F27*T26,IF(O27=0,R26))) -> 0 | S27: =IF(G27>0,S26+P27+Q27,IF(G27<0,S26+G27*U26,IF(P27=0,S26))) -> 0 | T27: =IFERROR(R27/H27,0) -> 0 | U27: =IFERROR(S27/I27,0) -> 0 | V27: =IFERROR((R27+S27)/H27,0) -> 0
B28: Purchase | C28: 733 | D28: 734 | E28: 44734 | F28: =IFERROR(_xlfn.XLOOKUP(C28,'Data Share Units'!S:S,'Data Share Units'!G:G),0) -> 0 | G28: =IFERROR(_xlfn.XLOOKUP(D28,'Data Share Units'!T:T,'Data Share Units'!H:H),0) -> 0 | H28: =IFERROR(H27+F28,"") -> 0 | I28: =IFERROR(I27+G28,"") -> 0 | J28: 6.58 | K28: =_xlfn.XLOOKUP(C28,'Data Share Units'!S:S,'Data Share Units'!I:I,0) -> 0 | L28: =_xlfn.XLOOKUP(D28,'Data Share Units'!T:T,'Data Share Units'!J:J,0) -> 0 | M28: =IFERROR(K28*F28,0) -> 0 | N28: =IFERROR(L28*G28,0) -> 0 | O28: =M28 -> 0 | P28: =N28 -> 0 | Q28: =IFERROR(IF((O28+P28)>1000,CEILING((O28+P28)*0.005,5),0),"") -> 0 | R28: =IF(F28>0,R27+O28,IF(F28<0,R27+F28*T27,IF(O28=0,R27))) -> 0 | S28: =IF(G28>0,S27+P28+Q28,IF(G28<0,S27+G28*U27,IF(P28=0,S27))) -> 0 | T28: =IFERROR(R28/H28,0) -> 0 | U28: =IFERROR(S28/I28,0) -> 0 | V28: =IFERROR((R28+S28)/H28,0) -> 0
B29: Sale | C29: 735 | D29: 736 | E29: 44734 | F29: =IFERROR(_xlfn.XLOOKUP(C29,'Data Share Units'!S:S,'Data Share Units'!G:G),0) -> 0 | G29: =IFERROR(_xlfn.XLOOKUP(D29,'Data Share Units'!T:T,'Data Share Units'!H:H),0) -> 0 | H29: =IFERROR(H28+F29,"") -> 0 | I29: =IFERROR(I28+G29,"") -> 0 | J29: 6.58 | K29: =_xlfn.XLOOKUP(C29,'Data Share Units'!S:S,'Data Share Units'!I:I,0) -> 0 | L29: =_xlfn.XLOOKUP(D29,'Data Share Units'!T:T,'Data Share Units'!J:J,0) -> 0 | M29: =IFERROR(-K29*F29,0) -> 0 | N29: =IFERROR(-L29*G29,0) -> 0 | O29: =F29*T28 -> 0 | P29: =G29*U28 -> 0 | R29: =IF(F29>0,R28+O29,IF(F29<0,R28+F29*T28,IF(O29=0,R28))) -> 0 | S29: =IF(G29>0,S28+P29+Q29,IF(G29<0,S28+G29*U28,IF(P29=0,S28))) -> 0 | T29: =IFERROR(R29/H29,0) -> 0 | U29: =IFERROR(S29/I29,0) -> 0 | V29: =IFERROR((R29+S29)/H29,0) -> 0
B30: =IF(F30<0,"Transfer to Spouse",IF(F30>0,"Transfer from spouse","Transfer")) -> Transfer | C30: 739 | D30: 740 | E30: 44753 | F30: =IFERROR(_xlfn.XLOOKUP(C30,'Data Share Units'!S:S,'Data Share Units'!G:G),0) -> 0 | G30: =IFERROR(_xlfn.XLOOKUP(D30,'Data Share Units'!T:T,'Data Share Units'!H:H),0) -> 0 | H30: =IFERROR(H29+F30,"") -> 0 | I30: =IFERROR(I29+G30,"") -> 0 | J30: 6.58 | O30: =IF(F30>0,"Enter Value",F30*T29) -> 0 | P30: =IF(G30>0,"Enter Value",G30*U29) -> 0 | R30: =IF(F30>0,R29+O30,IF(F30<0,R29+F30*T29,IF(O30=0,R29))) -> 0 | S30: =IF(G30>0,S29+P30+Q30,IF(G30<0,S29+G30*U29,IF(P30=0,S29))) -> 0 | T30: =IFERROR(R30/H30,0) -> 0 | U30: =IFERROR(S30/I30,0) -> 0 | V30: =IFERROR((R30+S30)/H30,0) -> 0 | W30: Gifts of shares to spouses take with them the average base cost of the shares held by the Transferor. Spouse should include the highlighted bold aggregate base cost in their own CGT calculation
B31: =IF(F31<0,"Transfer to Spouse",IF(F31>0,"Transfer from spouse","Transfer")) -> Transfer | C31: 742 | D31: 743 | E31: 44876 | F31: =IFERROR(_xlfn.XLOOKUP(C31,'Data Share Units'!S:S,'Data Share Units'!G:G),0) -> 0 | G31: =IFERROR(_xlfn.XLOOKUP(D31,'Data Share Units'!T:T,'Data Share Units'!H:H),0) -> 0 | H31: =IFERROR(H30+F31,"") -> 0 | I31: =IFERROR(I30+G31,"") -> 0 | J31: 6.58 | O31: =IF(F31>0,"Enter Value",F31*T30) -> 0 | P31: =IF(G31>0,"Enter Value",G31*U30) -> 0 | R31: =IF(F31>0,R30+O31,IF(F31<0,R30+F31*T30,IF(O31=0,R30))) -> 0 | S31: =IF(G31>0,S30+P31+Q31,IF(G31<0,S30+G31*U30,IF(P31=0,S30))) -> 0 | T31: =IFERROR(R31/H31,0) -> 0 | U31: =IFERROR(S31/I31,0) -> 0 | V31: =IFERROR((R31+S31)/H31,0) -> 0 | W31: Gifts of shares to spouses take with them the average base cost of the shares held by the Transferor. Spouse should include the highlighted bold aggregate base cost in their own CGT calculation
B32: Sale | C32: 745 | D32: 746 | E32: 44910 | F32: =IFERROR(_xlfn.XLOOKUP(C32,'Data Share Units'!S:S,'Data Share Units'!G:G),0) -> 0 | G32: =IFERROR(_xlfn.XLOOKUP(D32,'Data Share Units'!T:T,'Data Share Units'!H:H),0) -> 0 | H32: =IFERROR(H31+F32,"") -> 0 | I32: =IFERROR(I31+G32,"") -> 0 | J32: 6.58 | K32: =_xlfn.XLOOKUP(C32,'Data Share Units'!S:S,'Data Share Units'!I:I,0) -> 0 | L32: =_xlfn.XLOOKUP(D32,'Data Share Units'!T:T,'Data Share Units'!J:J,0) -> 0 | M32: =IFERROR(_xlfn.XLOOKUP(C32,#REF!,#REF!),0)*-1 -> 0 | N32: =IFERROR(_xlfn.XLOOKUP(D32,#REF!,#REF!),0)*-1 -> 0 | O32: =IF(F32>0,"Enter Value",F32*T31) -> 0 | P32: =IF(G32>0,"Enter Value",G32*U31) -> 0 | R32: =IF(F32>0,R31+O32,IF(F32<0,R31+F32*T31,IF(O32=0,R31))) -> 0 | S32: =IF(G32>0,S31+P32+Q32,IF(G32<0,S31+G32*U31,IF(P32=0,S31))) -> 0 | T32: =IFERROR(R32/H32,0) -> 0 | U32: =IFERROR(S32/I32,0) -> 0 | V32: =IFERROR((R32+S32)/H32,0) -> 0
B33: =IF(F33<0,"Transfer to Spouse",IF(F33>0,"Transfer from spouse","Transfer")) -> Transfer | C33: 751 | D33: 752 | E33: 44965 | F33: =IFERROR(_xlfn.XLOOKUP(C33,'Data Share Units'!S:S,'Data Share Units'!G:G),0) -> 0 | G33: =IFERROR(_xlfn.XLOOKUP(D33,'Data Share Units'!T:T,'Data Share Units'!H:H),0) -> 0 | H33: =IFERROR(H32+F33,"") -> 0 | I33: =IFERROR(I32+G33,"") -> 0 | J33: 6.58 | O33: =IF(F33>0,"Enter Value",F33*T32) -> 0 | P33: =IF(G33>0,"Enter Value",G33*U32) -> 0 | R33: =IF(F33>0,R32+O33,IF(F33<0,R32+F33*T32,IF(O33=0,R32))) -> 0 | S33: =IF(G33>0,S32+P33+Q33,IF(G33<0,S32+G33*U32,IF(P33=0,S32))) -> 0 | T33: =IFERROR(R33/H33,0) -> 0 | U33: =IFERROR(S33/I33,0) -> 0 | V33: =IFERROR((R33+S33)/H33,0) -> 0 | W33: Gifts of shares to spouses take with them the average base cost of the shares held by the Transferor. Spouse should include the highlighted bold aggregate base cost in their own CGT calculation
B34: Transfer | C34: 755 | D34: 756 | E34: 44993 | F34: =IFERROR(_xlfn.XLOOKUP(C34,'Data Share Units'!S:S,'Data Share Units'!G:G),0) -> 0 | G34: =IFERROR(_xlfn.XLOOKUP(D34,'Data Share Units'!T:T,'Data Share Units'!H:H),0) -> 0 | H34: =IFERROR(H33+F34,"") -> 0 | I34: =IFERROR(I33+G34,"") -> 0 | J34: 6.58 | O34: =IF(F34>0,"Enter Value",F34*T33) -> 0 | P34: =IF(G34>0,"Enter Value",G34*U33) -> 0 | R34: =IF(F34>0,R33+O34,IF(F34<0,R33+F34*T33,IF(O34=0,R33))) -> 0 | S34: =IF(G34>0,S33+P34+Q34,IF(G34<0,S33+G34*U33,IF(P34=0,S33))) -> 0 | T34: =IFERROR(R34/H34,0) -> 0 | U34: =IFERROR(S34/I34,0) -> 0 | V34: =IFERROR((R34+S34)/H34,0) -> 0 | W34: Gifts of shares to spouses take with them the average base cost of the shares held by the Transferor. Spouse should include the highlighted bold aggregate base cost in their own CGT calculation
B35: Transfer | C35: 757 | D35: 758 | E35: 45016 | F35: =IFERROR(_xlfn.XLOOKUP(C35,'Data Share Units'!S:S,'Data Share Units'!G:G),0) -> 0 | G35: =IFERROR(_xlfn.XLOOKUP(D35,'Data Share Units'!T:T,'Data Share Units'!H:H),0) -> 0 | H35: =IFERROR(H34+F35,"") -> 0 | I35: =IFERROR(I34+G35,"") -> 0 | J35: 6.58 | O35: =IF(F35>0,"Enter Value",F35*T34) -> 0 | P35: =IF(G35>0,"Enter Value",G35*U34) -> 0 | R35: =IF(F35>0,R34+O35,IF(F35<0,R34+F35*T34,IF(O35=0,R34))) -> 0 | S35: =IF(G35>0,S34+P35+Q35,IF(G35<0,S34+G35*U34,IF(P35=0,S34))) -> 0 | T35: =IFERROR(R35/H35,0) -> 0 | U35: =IFERROR(S35/I35,0) -> 0 | V35: =IFERROR((R35+S35)/H35,0) -> 0 | W35: Gifts of shares to spouses take with them the average base cost of the shares held by the Transferor. Spouse should include the highlighted bold aggregate base cost in their own CGT calculation
B36: 2023/24 Tax year
B37: Market Purchase | C37: 760 | D37: 761 | E37: 45065 | F37: =IFERROR(_xlfn.XLOOKUP(C37,'Data Share Units'!S:S,'Data Share Units'!G:G),0) -> 0 | G37: =IFERROR(_xlfn.XLOOKUP(D37,'Data Share Units'!T:T,'Data Share Units'!H:H),0) -> 0 | H37: =IFERROR(H35+F37,"") -> 0 | I37: =IFERROR(I35+G37,"") -> 0 | J37: 7.4 | K37: =_xlfn.XLOOKUP(C37,'Data Share Units'!S:S,'Data Share Units'!I:I,0) -> 0 | L37: =_xlfn.XLOOKUP(D37,'Data Share Units'!T:T,'Data Share Units'!J:J,0) -> 0 | M37: =IFERROR(K37*F37,"") -> 0 | N37: =IFERROR(G37*L37,"") -> 0 | O37: =M37 -> 0 | P37: =N37 -> 0 | Q37: =IFERROR(IF((O37+P37)>1000,CEILING((O37+P37)*0.005,5),0),"") -> 0 | R37: =IF(F37>0,R35+O37,IF(F37<0,R35+F37*T35,IF(O37=0,R35))) -> 0 | S37: =IF(G37>0,S35+P37+Q37,IF(G37<0,S35+G37*U35,IF(P37=0,S35))) -> 0 | T37: =IFERROR(R37/H37,0) -> 0 | U37: =IFERROR(S37/I37,0) -> 0 | V37: =IFERROR((R37+S37)/H37,0) -> 0
B38: Sale | C38: 762 | D38: 763 | E38: 45065 | F38: =IFERROR(_xlfn.XLOOKUP(C38,'Data Share Units'!S:S,'Data Share Units'!G:G),0) -> 0 | G38: =IFERROR(_xlfn.XLOOKUP(D38,'Data Share Units'!T:T,'Data Share Units'!H:H),0) -> 0 | H38: =IFERROR(H37+F38,"") -> 0 | I38: =IFERROR(I37+G38,"") -> 0 | J38: 7.4 | K38: =_xlfn.XLOOKUP(C38,'Data Share Units'!S:S,'Data Share Units'!I:I,0) -> 0 | L38: =_xlfn.XLOOKUP(D38,'Data Share Units'!T:T,'Data Share Units'!J:J,0) -> 0 | M38: =IFERROR(K38*F38,"") -> 0 | N38: =IFERROR(G38*L38,"") -> 0 | O38: =IF(F38>0,"Enter Value",F38*T37) -> 0 | P38: =IF(G38>0,"Enter Value",G38*U37) -> 0 | R38: =IF(F38>0,R37+O38,IF(F38<0,R37+F38*T37,IF(O38=0,R37))) -> 0 | S38: =IF(G38>0,S37+P38+Q38,IF(G38<0,S37+G38*U37,IF(P38=0,S37))) -> 0 | T38: =IFERROR(R38/H38,0) -> 0 | U38: =IFERROR(S38/I38,0) -> 0 | V38: =IFERROR((R38+S38)/H38,0) -> 0
B39: Share Award | C39: 764 | D39: 765 | E39: 45065 | F39: =IFERROR(_xlfn.XLOOKUP(C39,'Data Share Units'!S:S,'Data Share Units'!G:G),0) -> 0 | G39: =IFERROR(_xlfn.XLOOKUP(D39,'Data Share Units'!T:T,'Data Share Units'!H:H),0) -> 0 | H39: =IFERROR(H38+F39,"") -> 0 | I39: =IFERROR(I38+G39,"") -> 0 | J39: 7.4 | K39: =_xlfn.XLOOKUP(C39,'Data Share Units'!S:S,'Data Share Units'!I:I,0) -> 0 | L39: =_xlfn.XLOOKUP(D39,'Data Share Units'!T:T,'Data Share Units'!J:J,0) -> 0 | M39: =IFERROR(K39*F39,"") -> 0 | N39: =IFERROR(G39*L39,"") -> 0 | O39: =M39 -> 0 | P39: =N39 -> 0 | Q39: =IFERROR(IF((O39+P39)>1000,CEILING((O39+P39)*0.005,5),0),"") -> 0 | R39: =IF(F39>0,R38+O39,IF(F39<0,R38+F39*T38,IF(O39=0,R38))) -> 0 | S39: =IF(G39>0,S38+P39+Q39,IF(G39<0,S38+G39*U38,IF(P39=0,S38))) -> 0 | T39: =IFERROR(R39/H39,0) -> 0 | U39: =IFERROR(S39/I39,0) -> 0 | V39: =IFERROR((R39+S39)/H39,0) -> 0
B40: Earnout | C40: 766 | D40: 767 | E40: 45065 | F40: =IFERROR(_xlfn.XLOOKUP(C40,'Data Share Units'!S:S,'Data Share Units'!G:G),0) -> 0 | G40: =IFERROR(_xlfn.XLOOKUP(D40,'Data Share Units'!T:T,'Data Share Units'!H:H),0) -> 0 | H40: =IFERROR(H39+F40,"") -> 0 | I40: =IFERROR(I39+G40,"") -> 0 | J40: 7.4 | K40: =_xlfn.XLOOKUP(C40,'Data Share Units'!S:S,'Data Share Units'!I:I,0) -> 0 | L40: =_xlfn.XLOOKUP(D40,'Data Share Units'!T:T,'Data Share Units'!J:J,0) -> 0 | M40: =IFERROR(K40*F40,"") -> 0 | N40: =IFERROR(G40*L40,"") -> 0 | O40: =M40 -> 0 | P40: =N40 -> 0 | Q40: =IFERROR(IF((O40+P40)>1000,CEILING((O40+P40)*0.005,5),0),"") -> 0 | R40: =IF(F40>0,R39+O40,IF(F40<0,R39+F40*T39,IF(O40=0,R39))) -> 0 | S40: =IF(G40>0,S39+P40+Q40,IF(G40<0,S39+G40*U39,IF(P40=0,S39))) -> 0 | T40: =IFERROR(R40/H40,0) -> 0 | U40: =IFERROR(S40/I40,0) -> 0 | V40: =IFERROR((R40+S40)/H40,0) -> 0
B41: Sale | C41: 768 | D41: 769 | E41: 45065 | F41: =IFERROR(_xlfn.XLOOKUP(C41,'Data Share Units'!S:S,'Data Share Units'!G:G),0) -> 0 | G41: =IFERROR(_xlfn.XLOOKUP(D41,'Data Share Units'!T:T,'Data Share Units'!H:H),0) -> 0 | H41: =IFERROR(H40+F41,"") -> 0 | I41: =IFERROR(I40+G41,"") -> 0 | J41: 7.4 | K41: =_xlfn.XLOOKUP(C41,'Data Share Units'!S:S,'Data Share Units'!I:I,0) -> 0 | L41: =_xlfn.XLOOKUP(D41,'Data Share Units'!T:T,'Data Share Units'!J:J,0) -> 0 | M41: =IFERROR(K41*F41,"") -> 0 | N41: =IFERROR(G41*L41,"") -> 0 | O41: =IF(F41>0,"Enter Value",F41*T40) -> 0 | P41: =IF(G41>0,"Enter Value",G41*U40) -> 0 | R41: =IF(F41>0,R40+O41,IF(F41<0,R40+F41*T40,IF(O41=0,R40))) -> 0 | S41: =IF(G41>0,S40+P41+Q41,IF(G41<0,S40+G41*U40,IF(P41=0,S40))) -> 0 | T41: =IFERROR(R41/H41,0) -> 0 | U41: =IFERROR(S41/I41,0) -> 0 | V41: =IFERROR((R41+S41)/H41,0) -> 0
B42: Sale | C42: 770 | D42: 771 | E42: 45065 | F42: =IFERROR(_xlfn.XLOOKUP(C42,'Data Share Units'!S:S,'Data Share Units'!G:G),0) -> 0 | G42: =IFERROR(_xlfn.XLOOKUP(D42,'Data Share Units'!T:T,'Data Share Units'!H:H),0) -> 0 | H42: =IFERROR(H41+F42,"") -> 0 | I42: =IFERROR(I41+G42,"") -> 0 | J42: 7.4 | K42: =_xlfn.XLOOKUP(C42,'Data Share Units'!S:S,'Data Share Units'!I:I,0) -> 0 | L42: =_xlfn.XLOOKUP(D42,'Data Share Units'!T:T,'Data Share Units'!J:J,0) -> 0 | M42: =IFERROR(K42*F42,"") -> 0 | N42: =IFERROR(G42*L42,"") -> 0 | O42: =IF(F42>0,"Enter Value",F42*T41) -> 0 | P42: =IF(G42>0,"Enter Value",G42*U41) -> 0 | R42: =IF(F42>0,R41+O42,IF(F42<0,R41+F42*T41,IF(O42=0,R41))) -> 0 | S42: =IF(G42>0,S41+P42+Q42,IF(G42<0,S41+G42*U41,IF(P42=0,S41))) -> 0 | T42: =IFERROR(R42/H42,0) -> 0 | U42: =IFERROR(S42/I42,0) -> 0 | V42: =IFERROR((R42+S42)/H42,0) -> 0
B43: Market Purchase | C43: 776 | D43: 777 | E43: 45078 | F43: =IFERROR(_xlfn.XLOOKUP(C43,'Data Share Units'!S:S,'Data Share Units'!G:G),0) -> 0 | G43: =IFERROR(_xlfn.XLOOKUP(D43,'Data Share Units'!T:T,'Data Share Units'!H:H),0) -> 0 | H43: =IFERROR(H42+F43,"") -> 0 | I43: =IFERROR(I42+G43,"") -> 0 | J43: 7.4 | K43: =_xlfn.XLOOKUP(C43,'Data Share Units'!S:S,'Data Share Units'!I:I,0) -> 0 | L43: =_xlfn.XLOOKUP(D43,'Data Share Units'!T:T,'Data Share Units'!J:J,0) -> 0 | M43: =IFERROR(K43*F43,"") -> 0 | N43: =IFERROR(G43*L43,"") -> 0 | O43: =IF(F43>0,"Enter Value",F43*T42) -> 0 | P43: =IF(G43>0,"Enter Value",G43*U42) -> 0 | Q43: =IFERROR(IF((O43+P43)>1000,CEILING((O43+P43)*0.005,5),0),"") -> 0 | R43: =IF(F43>0,R42+O43,IF(F43<0,R42+F43*T42,IF(O43=0,R42))) -> 0 | S43: =IF(G43>0,S42+P43+Q43,IF(G43<0,S42+G43*U42,IF(P43=0,S42))) -> 0 | T43: =IFERROR(R43/H43,0) -> 0 | U43: =IFERROR(S43/I43,0) -> 0 | V43: =IFERROR((R43+S43)/H43,0) -> 0
B44: =IF(F44<0,"Transfer to Spouse",IF(F44>0,"Transfer from spouse","Transfer")) -> Transfer | C44: 782 | D44: 783 | E44: 45124 | F44: =IFERROR(_xlfn.XLOOKUP(C44,'Data Share Units'!S:S,'Data Share Units'!G:G),0) -> 0 | G44: =IFERROR(_xlfn.XLOOKUP(D44,'Data Share Units'!T:T,'Data Share Units'!H:H),0) -> 0 | H44: =IFERROR(H43+F44,"") -> 0 | I44: =IFERROR(I43+G44,"") -> 0 | J44: 7.4 | O44: =IF(F44>0,"Enter Value",F44*T43) -> 0 | P44: =IF(G44>0,"Enter Value",G44*U43) -> 0 | R44: =IF(F44>0,R43+O44,IF(F44<0,R43+F44*T43,IF(O44=0,R43))) -> 0 | S44: =IF(G44>0,S43+P44+Q44,IF(G44<0,S43+G44*U43,IF(P44=0,S43))) -> 0 | T44: =IFERROR(R44/H44,0) -> 0 | U44: =IFERROR(S44/I44,0) -> 0 | V44: =IFERROR((R44+S44)/H44,0) -> 0
B45: Sale | C45: 785 | D45: 786 | E45: 45133 | F45: =IFERROR(_xlfn.XLOOKUP(C45,'Data Share Units'!S:S,'Data Share Units'!G:G),0) -> 0 | G45: =IFERROR(_xlfn.XLOOKUP(D45,'Data Share Units'!T:T,'Data Share Units'!H:H),0) -> 0 | H45: =IFERROR(H44+F45,"") -> 0 | I45: =IFERROR(I44+G45,"") -> 0 | J45: 7.4 | K45: =_xlfn.XLOOKUP(C45,'Data Share Units'!S:S,'Data Share Units'!I:I,0) -> 0 | L45: =_xlfn.XLOOKUP(D45,'Data Share Units'!T:T,'Data Share Units'!J:J,0) -> 0 | M45: =IFERROR(K45*F45,"") -> 0 | N45: =IFERROR(G45*L45,"") -> 0 | O45: =IF(F45>0,"Enter Value",F45*T44) -> 0 | P45: =IF(G45>0,"Enter Value",G45*U44) -> 0 | R45: =IF(F45>0,R44+O45,IF(F45<0,R44+F45*T44,IF(O45=0,R44))) -> 0 | S45: =IF(G45>0,S44+P45+Q45,IF(G45<0,S44+G45*U44,IF(P45=0,S44))) -> 0 | T45: =IFERROR(R45/H45,0) -> 0 | U45: =IFERROR(S45/I45,0) -> 0 | V45: =IFERROR((R45+S45)/H45,0) -> 0
B46: Sale | C46: 787 | D46: 788 | E46: 45191 | F46: =IFERROR(_xlfn.XLOOKUP(C46,'Data Share Units'!S:S,'Data Share Units'!G:G),0) -> 0 | G46: =IFERROR(_xlfn.XLOOKUP(D46,'Data Share Units'!T:T,'Data Share Units'!H:H),0) -> 0 | H46: =IFERROR(H45+F46,"") -> 0 | I46: =IFERROR(I45+G46,"") -> 0 | J46: 7.4 | K46: =_xlfn.XLOOKUP(C46,'Data Share Units'!S:S,'Data Share Units'!I:I,0) -> 0 | L46: =_xlfn.XLOOKUP(D46,'Data Share Units'!T:T,'Data Share Units'!J:J,0) -> 0 | M46: =IFERROR(K46*F46,"") -> 0 | N46: =IFERROR(G46*L46,"") -> 0 | O46: =IF(F46>0,"Enter Value",F46*T45) -> 0 | P46: =IF(G46>0,"Enter Value",G46*U45) -> 0 | R46: =IF(F46>0,R45+O46,IF(F46<0,R45+F46*T45,IF(O46=0,R45))) -> 0 | S46: =IF(G46>0,S45+P46+Q46,IF(G46<0,S45+G46*U45,IF(P46=0,S45))) -> 0 | T46: =IFERROR(R46/H46,0) -> 0 | U46: =IFERROR(S46/I46,0) -> 0 | V46: =IFERROR((R46+S46)/H46,0) -> 0
B47: Sale | C47: 795 | D47: 796 | E47: 45261 | F47: =IFERROR(_xlfn.XLOOKUP(C47,'Data Share Units'!S:S,'Data Share Units'!G:G),0) -> 0 | G47: =IFERROR(_xlfn.XLOOKUP(D47,'Data Share Units'!T:T,'Data Share Units'!H:H),0) -> 0 | H47: =IFERROR(H46+F47,"") -> 0 | I47: =IFERROR(I46+G47,"") -> 0 | J47: 7.4 | K47: =_xlfn.XLOOKUP(C47,'Data Share Units'!S:S,'Data Share Units'!I:I,0) -> 0 | L47: =_xlfn.XLOOKUP(D47,'Data Share Units'!T:T,'Data Share Units'!J:J,0) -> 0 | M47: =IFERROR(K47*F47,"") -> 0 | N47: =IFERROR(G47*L47,"") -> 0 | O47: =IF(F47>0,"Enter Value",F47*T46) -> 0 | P47: =IF(G47>0,"Enter Value",G47*U46) -> 0 | R47: =IF(F47>0,R46+O47,IF(F47<0,R46+F47*T46,IF(O47=0,R46))) -> 0 | S47: =IF(G47>0,S46+P47+Q47,IF(G47<0,S46+G47*U46,IF(P47=0,S46))) -> 0 | T47: =IFERROR(R47/H47,0) -> 0 | U47: =IFERROR(S47/I47,0) -> 0 | V47: =IFERROR((R47+S47)/H47,0) -> 0
B48: =IF(F48<0,"Transfer to Spouse",IF(F48>0,"Transfer from spouse","Transfer")) -> Transfer | C48: 803 | D48: 804 | E48: 45257 | F48: =IFERROR(_xlfn.XLOOKUP(C48,'Data Share Units'!S:S,'Data Share Units'!G:G),0) -> 0 | G48: =IFERROR(_xlfn.XLOOKUP(D48,'Data Share Units'!T:T,'Data Share Units'!H:H),0) -> 0 | H48: =IFERROR(H47+F48,"") -> 0 | I48: =IFERROR(I47+G48,"") -> 0 | J48: 7.4 | O48: =IF(F48>0,"Enter Value",F48*T47) -> 0 | P48: =IF(G48>0,"Enter Value",G48*U47) -> 0 | R48: =IF(F48>0,R47+O48,IF(F48<0,R47+F48*T47,IF(O48=0,R47))) -> 0 | S48: =IF(G48>0,S47+P48+Q48,IF(G48<0,S47+G48*U47,IF(P48=0,S47))) -> 0 | T48: =IFERROR(R48/H48,0) -> 0 | U48: =IFERROR(S48/I48,0) -> 0 | V48: =IFERROR((R48+S48)/H48,0) -> 0 | W48: Gifts of shares to spouses take with them the average base cost of the shares held by the Transferor. Spouse should include the highlighted bold aggregate base cost in their own CGT calculation
B49: 2024/25 Tax year
B50: Market Purchase | C50: 809 | D50: 810 | E50: 45422 | F50: =IFERROR(_xlfn.XLOOKUP(C50,'Data Share Units'!S:S,'Data Share Units'!G:G),0) -> 0 | G50: =IFERROR(_xlfn.XLOOKUP(D50,'Data Share Units'!T:T,'Data Share Units'!H:H),0) -> 0 | H50: =IFERROR(H48+F50,"") -> 0 | I50: =IFERROR(I48+G50,"") -> 0 | J50: 8.06 | K50: =_xlfn.XLOOKUP(C50,'Data Share Units'!S:S,'Data Share Units'!I:I,0) -> 0 | L50: =_xlfn.XLOOKUP(D50,'Data Share Units'!T:T,'Data Share Units'!J:J,0) -> 0 | M50: =IFERROR(K50*F50,"") -> 0 | N50: =IFERROR(G50*L50,"") -> 0 | O50: =M50 -> 0 | P50: =N50 -> 0 | Q50: =IFERROR(IF((O50+P50)>1000,CEILING((O50+P50)*0.005,5),0),"") -> 0 | R50: =IF(F50>0,R48+O50,IF(F50<0,R48+F50*T48,IF(O50=0,R48))) -> 0 | S50: =IF(G50>0,S48+P50+Q50,IF(G50<0,S48+G50*U48,IF(P50=0,S48))) -> 0 | T50: =IFERROR(R50/H50,0) -> 0 | U50: =IFERROR(S50/I50,0) -> 0 | V50: =IFERROR((R50+S50)/H50,0) -> 0
B51: Sale | C51: 811 | D51: 812 | E51: 45422 | F51: =IFERROR(_xlfn.XLOOKUP(C51,'Data Share Units'!S:S,'Data Share Units'!G:G),0) -> 0 | G51: =IFERROR(_xlfn.XLOOKUP(D51,'Data Share Units'!T:T,'Data Share Units'!H:H),0) -> 0 | H51: =IFERROR(H50+F51,"") -> 0 | I51: =IFERROR(I50+G51,"") -> 0 | J51: 8.06 | K51: =_xlfn.XLOOKUP(C51,'Data Share Units'!S:S,'Data Share Units'!I:I,0) -> 0 | L51: =_xlfn.XLOOKUP(D51,'Data Share Units'!T:T,'Data Share Units'!J:J,0) -> 0 | M51: =IFERROR(K51*F51,"") -> 0 | N51: =IFERROR(G51*L51,"") -> 0 | O51: =IF(F51>0,"Enter Value",F51*T50) -> 0 | P51: =IF(G51>0,"Enter Value",G51*U50) -> 0 | R51: =IF(F51>0,R50+O51,IF(F51<0,R50+F51*T50,IF(O51=0,R50))) -> 0 | S51: =IF(G51>0,S50+P51+Q51,IF(G51<0,S50+G51*U50,IF(P51=0,S50))) -> 0 | T51: =IFERROR(R51/H51,0) -> 0 | U51: =IFERROR(S51/I51,0) -> 0 | V51: =IFERROR((R51+S51)/H51,0) -> 0
B52: Earnout | C52: 813 | D52: 814 | E52: 45422 | F52: =IFERROR(_xlfn.XLOOKUP(C52,'Data Share Units'!S:S,'Data Share Units'!G:G),0) -> 0 | G52: =IFERROR(_xlfn.XLOOKUP(D52,'Data Share Units'!T:T,'Data Share Units'!H:H),0) -> 0 | H52: =IFERROR(H51+F52,"") -> 0 | I52: =IFERROR(I51+G52,"") -> 0 | J52: 8.06 | K52: =_xlfn.XLOOKUP(C52,'Data Share Units'!S:S,'Data Share Units'!I:I,0) -> 0 | L52: =_xlfn.XLOOKUP(D52,'Data Share Units'!T:T,'Data Share Units'!J:J,0) -> 0 | M52: =IFERROR(K52*F52,"") -> 0 | N52: =IFERROR(G52*L52,"") -> 0 | O52: =M52 -> 0 | P52: =N52 -> 0 | Q52: =IFERROR(IF((O52+P52)>1000,CEILING((O52+P52)*0.005,5),0),"") -> 0 | R52: =IF(F52>0,R51+O52,IF(F52<0,R51+F52*T51,IF(O52=0,R51))) -> 0 | S52: =IF(G52>0,S51+P52+Q52,IF(G52<0,S51+G52*U51,IF(P52=0,S51))) -> 0 | T52: =IFERROR(R52/H52,0) -> 0 | U52: =IFERROR(S52/I52,0) -> 0 | V52: =IFERROR((R52+S52)/H52,0) -> 0
B53: Share Award | C53: 815 | D53: 816 | E53: 45422 | F53: =IFERROR(_xlfn.XLOOKUP(C53,'Data Share Units'!S:S,'Data Share Units'!G:G),0) -> 0 | G53: =IFERROR(_xlfn.XLOOKUP(D53,'Data Share Units'!T:T,'Data Share Units'!H:H),0) -> 0 | H53: =IFERROR(H52+F53,"") -> 0 | I53: =IFERROR(I52+G53,"") -> 0 | J53: 8.06 | K53: =_xlfn.XLOOKUP(C53,'Data Share Units'!S:S,'Data Share Units'!I:I,0) -> 0 | L53: =_xlfn.XLOOKUP(D53,'Data Share Units'!T:T,'Data Share Units'!J:J,0) -> 0 | M53: =IFERROR(K53*F53,"") -> 0 | N53: =IFERROR(G53*L53,"") -> 0 | O53: =M53 -> 0 | P53: =N53 -> 0 | Q53: =IFERROR(IF((O53+P53)>1000,CEILING((O53+P53)*0.005,5),0),"") -> 0 | R53: =IF(F53>0,R52+O53,IF(F53<0,R52+F53*T52,IF(O53=0,R52))) -> 0 | S53: =IF(G53>0,S52+P53+Q53,IF(G53<0,S52+G53*U52,IF(P53=0,S52))) -> 0 | T53: =IFERROR(R53/H53,0) -> 0 | U53: =IFERROR(S53/I53,0) -> 0 | V53: =IFERROR((R53+S53)/H53,0) -> 0
B54: Sale | C54: 817 | D54: 818 | E54: 45422 | F54: =IFERROR(_xlfn.XLOOKUP(C54,'Data Share Units'!S:S,'Data Share Units'!G:G),0) -> 0 | G54: =IFERROR(_xlfn.XLOOKUP(D54,'Data Share Units'!T:T,'Data Share Units'!H:H),0) -> 0 | H54: =IFERROR(H53+F54,"") -> 0 | I54: =IFERROR(I53+G54,"") -> 0 | J54: 8.06 | K54: =_xlfn.XLOOKUP(C54,'Data Share Units'!S:S,'Data Share Units'!I:I,0) -> 0 | L54: =_xlfn.XLOOKUP(D54,'Data Share Units'!T:T,'Data Share Units'!J:J,0) -> 0 | M54: =IFERROR(K54*F54,"") -> 0 | N54: =IFERROR(G54*L54,"") -> 0 | O54: =IF(F54>0,"Enter Value",F54*T53) -> 0 | P54: =IF(G54>0,"Enter Value",G54*U53) -> 0 | R54: =IF(F54>0,R53+O54,IF(F54<0,R53+F54*T53,IF(O54=0,R53))) -> 0 | S54: =IF(G54>0,S53+P54+Q54,IF(G54<0,S53+G54*U53,IF(P54=0,S53))) -> 0 | T54: =IFERROR(R54/H54,0) -> 0 | U54: =IFERROR(S54/I54,0) -> 0 | V54: =IFERROR((R54+S54)/H54,0) -> 0
B55: Sale | C55: 819 | D55: 820 | E55: 45422 | F55: =IFERROR(_xlfn.XLOOKUP(C55,'Data Share Units'!S:S,'Data Share Units'!G:G),0) -> 0 | G55: =IFERROR(_xlfn.XLOOKUP(D55,'Data Share Units'!T:T,'Data Share Units'!H:H),0) -> 0 | H55: =IFERROR(H54+F55,"") -> 0 | I55: =IFERROR(I54+G55,"") -> 0 | J55: 8.06 | K55: =_xlfn.XLOOKUP(C55,'Data Share Units'!S:S,'Data Share Units'!I:I,0) -> 0 | L55: =_xlfn.XLOOKUP(D55,'Data Share Units'!T:T,'Data Share Units'!J:J,0) -> 0 | M55: =IFERROR(K55*F55,"") -> 0 | N55: =IFERROR(G55*L55,"") -> 0 | O55: =IF(F55>0,"Enter Value",F55*T54) -> 0 | P55: =IF(G55>0,"Enter Value",G55*U54) -> 0 | R55: =IF(F55>0,R54+O55,IF(F55<0,R54+F55*T54,IF(O55=0,R54))) -> 0 | S55: =IF(G55>0,S54+P55+Q55,IF(G55<0,S54+G55*U54,IF(P55=0,S54))) -> 0 | T55: =IFERROR(R55/H55,0) -> 0 | U55: =IFERROR(S55/I55,0) -> 0 | V55: =IFERROR((R55+S55)/H55,0) -> 0
B56: Transfer | C56: 829 | D56: 830 | E56: 45477 | F56: =IFERROR(_xlfn.XLOOKUP(C56,'Data Share Units'!S:S,'Data Share Units'!G:G),0) -> 0 | G56: =IFERROR(_xlfn.XLOOKUP(D56,'Data Share Units'!T:T,'Data Share Units'!H:H),0) -> 0 | H56: =IFERROR(H55+F56,"") -> 0 | I56: =IFERROR(I55+G56,"") -> 0 | J56: 8.06 | O56: =IF(F56>0,"Enter Value",F56*T55) -> 0 | P56: =IF(G56>0,"Enter Value",G56*U55) -> 0 | R56: =IF(F56>0,R55+O56,IF(F56<0,R55+F56*T55,IF(O56=0,R55))) -> 0 | S56: =IF(G56>0,S55+P56+Q56,IF(G56<0,S55+G56*U55,IF(P56=0,S55))) -> 0 | T56: =IFERROR(R56/H56,0) -> 0 | U56: =IFERROR(S56/I56,0) -> 0 | V56: =IFERROR((R56+S56)/H56,0) -> 0 | W56: Gifts of shares to spouses take with them the average base cost of the shares held by the Transferor. Spouse should include the highlighted bold aggregate base cost in their own CGT calculation
B57: Sale | C57: 832 | D57: 833 | E57: 45555 | F57: =IFERROR(_xlfn.XLOOKUP(C57,'Data Share Units'!S:S,'Data Share Units'!G:G),0) -> 0 | G57: =IFERROR(_xlfn.XLOOKUP(D57,'Data Share Units'!T:T,'Data Share Units'!H:H),0) -> 0 | H57: =IFERROR(H56+F57,"") -> 0 | I57: =IFERROR(I56+G57,"") -> 0 | J57: 8.06 | K57: =_xlfn.XLOOKUP(C57,'Data Share Units'!S:S,'Data Share Units'!I:I,0) -> 0 | L57: =_xlfn.XLOOKUP(D57,'Data Share Units'!T:T,'Data Share Units'!J:J,0) -> 0 | M57: =IFERROR(K57*F57,"") -> 0 | N57: =IFERROR(G57*L57,"") -> 0 | O57: =IF(F57>0,"Enter Value",F57*T56) -> 0 | P57: =IF(G57>0,"Enter Value",G57*U56) -> 0 | R57: =IF(F57>0,R56+O57,IF(F57<0,R56+F57*T56,IF(O57=0,R56))) -> 0 | S57: =IF(G57>0,S56+P57+Q57,IF(G57<0,S56+G57*U56,IF(P57=0,S56))) -> 0 | T57: =IFERROR(R57/H57,0) -> 0 | U57: =IFERROR(S57/I57,0) -> 0 | V57: =IFERROR((R57+S57)/H57,0) -> 0
B58: Sale | C58: 834 | D58: 835 | E58: 45555 | F58: =IFERROR(_xlfn.XLOOKUP(C58,'Data Share Units'!S:S,'Data Share Units'!G:G),0) -> 0 | G58: =IFERROR(_xlfn.XLOOKUP(D58,'Data Share Units'!T:T,'Data Share Units'!H:H),0) -> 0 | H58: =IFERROR(H57+F58,"") -> 0 | I58: =IFERROR(I57+G58,"") -> 0 | J58: 8.06 | K58: =_xlfn.XLOOKUP(C58,'Data Share Units'!S:S,'Data Share Units'!I:I,0) -> 0 | L58: =_xlfn.XLOOKUP(D58,'Data Share Units'!T:T,'Data Share Units'!J:J,0) -> 0 | M58: =IFERROR(K58*F58,"") -> 0 | N58: =IFERROR(G58*L58,"") -> 0 | O58: =IF(F58>0,"Enter Value",F58*T57) -> 0 | P58: =IF(G58>0,"Enter Value",G58*U57) -> 0 | R58: =IF(F58>0,R57+O58,IF(F58<0,R57+F58*T57,IF(O58=0,R57))) -> 0 | S58: =IF(G58>0,S57+P58+Q58,IF(G58<0,S57+G58*U57,IF(P58=0,S57))) -> 0 | T58: =IFERROR(R58/H58,0) -> 0 | U58: =IFERROR(S58/I58,0) -> 0 | V58: =IFERROR((R58+S58)/H58,0) -> 0
B59: Transfer | C59: 843 | D59: 844 | E59: 45568 | F59: =IFERROR(_xlfn.XLOOKUP(C59,'Data Share Units'!S:S,'Data Share Units'!G:G),0) -> 0 | G59: =IFERROR(_xlfn.XLOOKUP(D59,'Data Share Units'!T:T,'Data Share Units'!H:H),0) -> 0 | H59: =IFERROR(H58+F59,"") -> 0 | I59: =IFERROR(I58+G59,"") -> 0 | J59: 8.06 | O59: =IF(F59>0,"Enter Value",F59*T58) -> 0 | P59: =IF(G59>0,"Enter Value",G59*U58) -> 0 | R59: =IF(F59>0,R58+O59,IF(F59<0,R58+F59*T58,IF(O59=0,R58))) -> 0 | S59: =IF(G59>0,S58+P59+Q59,IF(G59<0,S58+G59*U58,IF(P59=0,S58))) -> 0 | T59: =IFERROR(R59/H59,0) -> 0 | U59: =IFERROR(S59/I59,0) -> 0 | V59: =IFERROR((R59+S59)/H59,0) -> 0 | W59: Gifts of shares take with them the average base cost of the shares held by the Transferor. The transferee should include the highlighted bold aggregate base cost in their own CGT calculation
B60: Transfer | C60: 846 | D60: 847 | E60: 45590 | F60: =IFERROR(_xlfn.XLOOKUP(C60,'Data Share Units'!S:S,'Data Share Units'!G:G),0) -> 0 | G60: =IFERROR(_xlfn.XLOOKUP(D60,'Data Share Units'!T:T,'Data Share Units'!H:H),0) -> 0 | H60: =IFERROR(H59+F60,"") -> 0 | I60: =IFERROR(I59+G60,"") -> 0 | J60: 8.06 | O60: =IF(F60>0,"Enter Value",F60*T59) -> 0 | P60: =IF(G60>0,"Enter Value",G60*U59) -> 0 | R60: =IF(F60>0,R59+O60,IF(F60<0,R59+F60*T59,IF(O60=0,R59))) -> 0 | S60: =IF(G60>0,S59+P60+Q60,IF(G60<0,S59+G60*U59,IF(P60=0,S59))) -> 0 | T60: =IFERROR(R60/H60,0) -> 0 | U60: =IFERROR(S60/I60,0) -> 0 | V60: =IFERROR((R60+S60)/H60,0) -> 0 | W60: Gifts of shares take with them the average base cost of the shares held by the Transferor. The transferee should include the highlighted bold aggregate base cost in their own CGT calculation
B61: Sale | C61: 849 | D61: 850 | E61: 45643 | F61: =IFERROR(_xlfn.XLOOKUP(C61,'Data Share Units'!S:S,'Data Share Units'!G:G),0) -> 0 | G61: =IFERROR(_xlfn.XLOOKUP(D61,'Data Share Units'!T:T,'Data Share Units'!H:H),0) -> 0 | H61: =IFERROR(H60+F61,"") -> 0 | I61: =IFERROR(I60+G61,"") -> 0 | J61: 8.06 | K61: =_xlfn.XLOOKUP(C61,'Data Share Units'!S:S,'Data Share Units'!I:I,0) -> 0 | L61: =_xlfn.XLOOKUP(D61,'Data Share Units'!T:T,'Data Share Units'!J:J,0) -> 0 | M61: =IFERROR(K61*F61,"") -> 0 | N61: =IFERROR(G61*L61,"") -> 0 | O61: =IF(F61>0,"Enter Value",F61*T60) -> 0 | P61: =IF(G61>0,"Enter Value",G61*U60) -> 0 | R61: =IF(F61>0,R60+O61,IF(F61<0,R60+F61*T60,IF(O61=0,R60))) -> 0 | S61: =IF(G61>0,S60+P61+Q61,IF(G61<0,S60+G61*U60,IF(P61=0,S60))) -> 0 | T61: =IFERROR(R61/H61,0) -> 0 | U61: =IFERROR(S61/I61,0) -> 0 | V61: =IFERROR((R61+S61)/H61,0) -> 0
B62: Sale | C62: 851 | D62: 852 | E62: 45643 | F62: =IFERROR(_xlfn.XLOOKUP(C62,'Data Share Units'!S:S,'Data Share Units'!G:G),0) -> 0 | G62: =IFERROR(_xlfn.XLOOKUP(D62,'Data Share Units'!T:T,'Data Share Units'!H:H),0) -> 0 | H62: =IFERROR(H61+F62,"") -> 0 | I62: =IFERROR(I61+G62,"") -> 0 | J62: 8.06 | K62: =_xlfn.XLOOKUP(C62,'Data Share Units'!S:S,'Data Share Units'!I:I,0) -> 0 | L62: =_xlfn.XLOOKUP(D62,'Data Share Units'!T:T,'Data Share Units'!J:J,0) -> 0 | M62: =IFERROR(K62*F62,"") -> 0 | N62: =IFERROR(G62*L62,"") -> 0 | O62: =IF(F62>0,"Enter Value",F62*T61) -> 0 | P62: =IF(G62>0,"Enter Value",G62*U61) -> 0 | R62: =IF(F62>0,R61+O62,IF(F62<0,R61+F62*T61,IF(O62=0,R61))) -> 0 | S62: =IF(G62>0,S61+P62+Q62,IF(G62<0,S61+G62*U61,IF(P62=0,S61))) -> 0 | T62: =IFERROR(R62/H62,0) -> 0 | U62: =IFERROR(S62/I62,0) -> 0 | V62: =IFERROR((R62+S62)/H62,0) -> 0
B63: Sale | C63: 860 | D63: 861 | E63: 45716 | F63: =IFERROR(_xlfn.XLOOKUP(C63,'Data Share Units'!S:S,'Data Share Units'!G:G),0) -> 0 | G63: =IFERROR(_xlfn.XLOOKUP(D63,'Data Share Units'!T:T,'Data Share Units'!H:H),0) -> 0 | H63: =IFERROR(H62+F63,"") -> 0 | I63: =IFERROR(I62+G63,"") -> 0 | J63: 8.06 | K63: =_xlfn.XLOOKUP(C63,'Data Share Units'!S:S,'Data Share Units'!I:I,0) -> 0 | L63: =_xlfn.XLOOKUP(D63,'Data Share Units'!T:T,'Data Share Units'!J:J,0) -> 0 | M63: =IFERROR(K63*F63,"") -> 0 | N63: =IFERROR(G63*L63,"") -> 0 | O63: =IF(F63>0,"Enter Value",F63*T62) -> 0 | P63: =IF(G63>0,"Enter Value",G63*U62) -> 0 | R63: =IF(F63>0,R62+O63,IF(F63<0,R62+F63*T62,IF(O63=0,R62))) -> 0 | S63: =IF(G63>0,S62+P63+Q63,IF(G63<0,S62+G63*U62,IF(P63=0,S62))) -> 0 | T63: =IFERROR(R63/H63,0) -> 0 | U63: =IFERROR(S63/I63,0) -> 0 | V63: =IFERROR((R63+S63)/H63,0) -> 0
B64: Sale | C64: 862 | D64: 863 | E64: 45716 | F64: =IFERROR(_xlfn.XLOOKUP(C64,'Data Share Units'!S:S,'Data Share Units'!G:G),0) -> 0 | G64: =IFERROR(_xlfn.XLOOKUP(D64,'Data Share Units'!T:T,'Data Share Units'!H:H),0) -> 0 | H64: =IFERROR(H63+F64,"") -> 0 | I64: =IFERROR(I63+G64,"") -> 0 | J64: 8.06 | K64: =_xlfn.XLOOKUP(C64,'Data Share Units'!S:S,'Data Share Units'!I:I,0) -> 0 | L64: =_xlfn.XLOOKUP(D64,'Data Share Units'!T:T,'Data Share Units'!J:J,0) -> 0 | M64: =IFERROR(K64*F64,"") -> 0 | N64: =IFERROR(G64*L64,"") -> 0 | O64: =IF(F64>0,"Enter Value",F64*T63) -> 0 | P64: =IF(G64>0,"Enter Value",G64*U63) -> 0 | R64: =IF(F64>0,R63+O64,IF(F64<0,R63+F64*T63,IF(O64=0,R63))) -> 0 | S64: =IF(G64>0,S63+P64+Q64,IF(G64<0,S63+G64*U63,IF(P64=0,S63))) -> 0 | T64: =IFERROR(R64/H64,0) -> 0 | U64: =IFERROR(S64/I64,0) -> 0 | V64: =IFERROR((R64+S64)/H64,0) -> 0
B65: Transfer | C65: 868 | D65: 869 | E65: 45741 | F65: =IFERROR(_xlfn.XLOOKUP(C65,'Data Share Units'!S:S,'Data Share Units'!G:G),0) -> 0 | G65: =IFERROR(_xlfn.XLOOKUP(D65,'Data Share Units'!T:T,'Data Share Units'!H:H),0) -> 0 | H65: =IFERROR(H64+F65,"") -> 0 | I65: =IFERROR(I64+G65,"") -> 0 | J65: 8.06 | O65: =IF(F65>0,"Enter Value",F65*T64) -> 0 | P65: =IF(G65>0,"Enter Value",G65*U64) -> 0 | R65: =IF(F65>0,R64+O65,IF(F65<0,R64+F65*T64,IF(O65=0,R64))) -> 0 | S65: =IF(G65>0,S64+P65+Q65,IF(G65<0,S64+G65*U64,IF(P65=0,S64))) -> 0 | T65: =IFERROR(R65/H65,0) -> 0 | U65: =IFERROR(S65/I65,0) -> 0 | V65: =IFERROR((R65+S65)/H65,0) -> 0 | W65: Gifts of shares take with them the average base cost of the shares held by the Transferor. The transferee should include the highlighted bold aggregate base cost in their own CGT calculation
B66: 2025/26 Tax year
B67: Sale | C67: 871 | D67: 872 | E67: 45824 | F67: =IFERROR(_xlfn.XLOOKUP(C67,'Data Share Units'!S:S,'Data Share Units'!G:G),0) -> 0 | G67: =IFERROR(_xlfn.XLOOKUP(D67,'Data Share Units'!T:T,'Data Share Units'!H:H),0) -> 0 | H67: =IFERROR(H65+F67,"") -> 0 | I67: =IFERROR(I65+G67,"") -> 0 | J67: 8.06 | K67: =_xlfn.XLOOKUP(C67,'Data Share Units'!S:S,'Data Share Units'!I:I,0) -> 0 | L67: =_xlfn.XLOOKUP(D67,'Data Share Units'!T:T,'Data Share Units'!J:J,0) -> 0 | M67: =IFERROR(K67*F67,"") -> 0 | N67: =IFERROR(G67*L67,"") -> 0 | O67: =IF(F67>0,"Enter Value",F67*T65) -> 0 | P67: =IF(G67>0,"Enter Value",G67*U65) -> 0 | R67: =IF(F67>0,R65+O67,IF(F67<0,R65+F67*T65,IF(O67=0,R65))) -> 0 | S67: =IF(G67>0,S65+P67+Q67,IF(G67<0,S65+G67*U65,IF(P67=0,S65))) -> 0 | T67: =IFERROR(R67/H67,0) -> 0 | U67: =IFERROR(S67/I67,0) -> 0 | V67: =IFERROR((R67+S67)/H67,0) -> 0
B68: Sale | C68: 873 | D68: 874 | E68: 45824 | F68: =IFERROR(_xlfn.XLOOKUP(C68,'Data Share Units'!S:S,'Data Share Units'!G:G),0) -> 0 | G68: =IFERROR(_xlfn.XLOOKUP(D68,'Data Share Units'!T:T,'Data Share Units'!H:H),0) -> 0 | H68: =IFERROR(H67+F68,"") -> 0 | I68: =IFERROR(I67+G68,"") -> 0 | J68: 8.06 | K68: =_xlfn.XLOOKUP(C68,'Data Share Units'!S:S,'Data Share Units'!I:I,0) -> 0 | L68: =_xlfn.XLOOKUP(D68,'Data Share Units'!T:T,'Data Share Units'!J:J,0) -> 0 | M68: =IFERROR(K68*F68,"") -> 0 | N68: =IFERROR(G68*L68,"") -> 0 | O68: =IF(F68>0,"Enter Value",F68*T67) -> 0 | P68: =IF(G68>0,"Enter Value",G68*U67) -> 0 | R68: =IF(F68>0,R67+O68,IF(F68<0,R67+F68*T67,IF(O68=0,R67))) -> 0 | S68: =IF(G68>0,S67+P68+Q68,IF(G68<0,S67+G68*U67,IF(P68=0,S67))) -> 0 | T68: =IFERROR(R68/H68,0) -> 0 | U68: =IFERROR(S68/I68,0) -> 0 | V68: =IFERROR((R68+S68)/H68,0) -> 0
B69: Transfer | C69: 882 | D69: 883 | E69: 45869 | F69: =IFERROR(_xlfn.XLOOKUP(C69,'Data Share Units'!S:S,'Data Share Units'!G:G),0) -> 0 | G69: =IFERROR(_xlfn.XLOOKUP(D69,'Data Share Units'!T:T,'Data Share Units'!H:H),0) -> 0 | H69: =IFERROR(H68+F69,"") -> 0 | I69: =IFERROR(I68+G69,"") -> 0 | J69: 8.06 | O69: =IF(F69>0,"Enter Value",F69*T68) -> 0 | P69: =IF(G69>0,"Enter Value",G69*U68) -> 0 | R69: =IF(F69>0,R68+O69,IF(F69<0,R68+F69*T68,IF(O69=0,R68))) -> 0 | S69: =IF(G69>0,S68+P69+Q69,IF(G69<0,S68+G69*U68,IF(P69=0,S68))) -> 0 | T69: =IFERROR(R69/H69,0) -> 0 | U69: =IFERROR(S69/I69,0) -> 0 | V69: =IFERROR((R69+S69)/H69,0) -> 0 | W69: Gifts of shares take with them the average base cost of the shares held by the Transferor. The transferee should include the highlighted bold aggregate base cost in their own CGT calculation
B70: Sale | C70: 884 | D70: 885 | E70: 45919 | F70: =IFERROR(_xlfn.XLOOKUP(C70,'Data Share Units'!S:S,'Data Share Units'!G:G),0) -> 0 | G70: =IFERROR(_xlfn.XLOOKUP(D70,'Data Share Units'!T:T,'Data Share Units'!H:H),0) -> 0 | H70: =IFERROR(H69+F70,"") -> 0 | I70: =IFERROR(I69+G70,"") -> 0 | J70: 8.06 | K70: =_xlfn.XLOOKUP(C70,'Data Share Units'!S:S,'Data Share Units'!I:I,0) -> 0 | L70: =_xlfn.XLOOKUP(D70,'Data Share Units'!T:T,'Data Share Units'!J:J,0) -> 0 | M70: =IFERROR(K70*F70,"") -> 0 | N70: =IFERROR(G70*L70,"") -> 0 | O70: =IF(F70>0,"Enter Value",F70*T69) -> 0 | P70: =IF(G70>0,"Enter Value",G70*U69) -> 0 | R70: =IF(F70>0,R69+O70,IF(F70<0,R69+F70*T69,IF(O70=0,R69))) -> 0 | S70: =IF(G70>0,S69+P70+Q70,IF(G70<0,S69+G70*U69,IF(P70=0,S69))) -> 0 | T70: =IFERROR(R70/H70,0) -> 0 | U70: =IFERROR(S70/I70,0) -> 0 | V70: =IFERROR((R70+S70)/H70,0) -> 0
B71: Sale | C71: 886 | D71: 887 | E71: 45919 | F71: =IFERROR(_xlfn.XLOOKUP(C71,'Data Share Units'!S:S,'Data Share Units'!G:G),0) -> 0 | G71: =IFERROR(_xlfn.XLOOKUP(D71,'Data Share Units'!T:T,'Data Share Units'!H:H),0) -> 0 | H71: =IFERROR(H70+F71,"") -> 0 | I71: =IFERROR(I70+G71,"") -> 0 | J71: 8.06 | K71: =_xlfn.XLOOKUP(C71,'Data Share Units'!S:S,'Data Share Units'!I:I,0) -> 0 | L71: =_xlfn.XLOOKUP(D71,'Data Share Units'!T:T,'Data Share Units'!J:J,0) -> 0 | M71: =IFERROR(K71*F71,"") -> 0 | N71: =IFERROR(G71*L71,"") -> 0 | O71: =IF(F71>0,"Enter Value",F71*T70) -> 0 | P71: =IF(G71>0,"Enter Value",G71*U70) -> 0 | R71: =IF(F71>0,R70+O71,IF(F71<0,R70+F71*T70,IF(O71=0,R70))) -> 0 | S71: =IF(G71>0,S70+P71+Q71,IF(G71<0,S70+G71*U70,IF(P71=0,S70))) -> 0 | T71: =IFERROR(R71/H71,0) -> 0 | U71: =IFERROR(S71/I71,0) -> 0 | V71: =IFERROR((R71+S71)/H71,0) -> 0
B72: Sale | C72: 895 | D72: 896 | E72: 45973 | F72: =IFERROR(_xlfn.XLOOKUP(C72,'Data Share Units'!S:S,'Data Share Units'!G:G),0) -> 0 | G72: =IFERROR(_xlfn.XLOOKUP(D72,'Data Share Units'!T:T,'Data Share Units'!H:H),0) -> 0 | H72: =IFERROR(H71+F72,"") -> 0 | I72: =IFERROR(I71+G72,"") -> 0 | J72: 8.06 | K72: =_xlfn.XLOOKUP(C72,'Data Share Units'!S:S,'Data Share Units'!I:I,0) -> 0 | L72: =_xlfn.XLOOKUP(D72,'Data Share Units'!T:T,'Data Share Units'!J:J,0) -> 0 | M72: =IFERROR(K72*F72,"") -> 0 | N72: =IFERROR(G72*L72,"") -> 0 | O72: =IF(F72>0,"Enter Value",F72*T71) -> 0 | P72: =IF(G72>0,"Enter Value",G72*U71) -> 0 | R72: =IF(F72>0,R71+O72,IF(F72<0,R71+F72*T71,IF(O72=0,R71))) -> 0 | S72: =IF(G72>0,S71+P72+Q72,IF(G72<0,S71+G72*U71,IF(P72=0,S71))) -> 0 | T72: =IFERROR(R72/H72,0) -> 0 | U72: =IFERROR(S72/I72,0) -> 0 | V72: =IFERROR((R72+S72)/H72,0) -> 0
B73: Sale | C73: 897 | D73: 898 | E73: 45973 | F73: =IFERROR(_xlfn.XLOOKUP(C73,'Data Share Units'!S:S,'Data Share Units'!G:G),0) -> 0 | G73: =IFERROR(_xlfn.XLOOKUP(D73,'Data Share Units'!T:T,'Data Share Units'!H:H),0) -> 0 | H73: =IFERROR(H72+F73,"") -> 0 | I73: =IFERROR(I72+G73,"") -> 0 | J73: 8.06 | K73: =_xlfn.XLOOKUP(C73,'Data Share Units'!S:S,'Data Share Units'!I:I,0) -> 0 | L73: =_xlfn.XLOOKUP(D73,'Data Share Units'!T:T,'Data Share Units'!J:J,0) -> 0 | M73: =IFERROR(K73*F73,"") -> 0 | N73: =IFERROR(G73*L73,"") -> 0 | O73: =IF(F73>0,"Enter Value",F73*T72) -> 0 | P73: =IF(G73>0,"Enter Value",G73*U72) -> 0 | R73: =IF(F73>0,R72+O73,IF(F73<0,R72+F73*T72,IF(O73=0,R72))) -> 0 | S73: =IF(G73>0,S72+P73+Q73,IF(G73<0,S72+G73*U72,IF(P73=0,S72))) -> 0 | T73: =IFERROR(R73/H73,0) -> 0 | U73: =IFERROR(S73/I73,0) -> 0 | V73: =IFERROR((R73+S73)/H73,0) -> 0
B74: Transfer | C74: 903 | D74: 904 | E74: 45975 | F74: =IFERROR(_xlfn.XLOOKUP(C74,'Data Share Units'!S:S,'Data Share Units'!G:G),0) -> 0 | G74: =IFERROR(_xlfn.XLOOKUP(D74,'Data Share Units'!T:T,'Data Share Units'!H:H),0) -> 0 | H74: =IFERROR(H73+F74,"") -> 0 | I74: =IFERROR(I73+G74,"") -> 0 | J74: 8.06 | O74: =IF(F74>0,"Enter Value",F74*T73) -> 0 | P74: =IF(G74>0,"Enter Value",G74*U73) -> 0 | R74: =IF(F74>0,R73+O74,IF(F74<0,R73+F74*T73,IF(O74=0,R73))) -> 0 | S74: =IF(G74>0,S73+P74+Q74,IF(G74<0,S73+G74*U73,IF(P74=0,S73))) -> 0 | T74: =IFERROR(R74/H74,0) -> 0 | U74: =IFERROR(S74/I74,0) -> 0 | V74: =IFERROR((R74+S74)/H74,0) -> 0 | W74: Gifts of shares take with them the average base cost of the shares held by the Transferor. The transferee should include the highlighted bold aggregate base cost in their own CGT calculation
B75: Transfer | C75: 905 | D75: 906 | E75: 46013 | F75: =IFERROR(_xlfn.XLOOKUP(C75,'Data Share Units'!S:S,'Data Share Units'!G:G),0) -> 0 | G75: =IFERROR(_xlfn.XLOOKUP(D75,'Data Share Units'!T:T,'Data Share Units'!H:H),0) -> 0 | H75: =IFERROR(H74+F75,"") -> 0 | I75: =IFERROR(I74+G75,"") -> 0 | J75: 8.06 | O75: =IF(F75>0,"Enter Value",F75*T74) -> 0 | P75: =IF(G75>0,"Enter Value",G75*U74) -> 0 | R75: =IF(F75>0,R74+O75,IF(F75<0,R74+F75*T74,IF(O75=0,R74))) -> 0 | S75: =IF(G75>0,S74+P75+Q75,IF(G75<0,S74+G75*U74,IF(P75=0,S74))) -> 0 | T75: =IFERROR(R75/H75,0) -> 0 | U75: =IFERROR(S75/I75,0) -> 0 | V75: =IFERROR((R75+S75)/H75,0) -> 0 | W75: Gifts of shares take with them the average base cost of the shares held by the Transferor. The transferee should include the highlighted bold aggregate base cost in their own CGT calculation
B76: Transfer | C76: 912 | D76: 913 | E76: 46044 | F76: =IFERROR(_xlfn.XLOOKUP(C76,'Data Share Units'!S:S,'Data Share Units'!G:G),0) -> 0 | G76: =IFERROR(_xlfn.XLOOKUP(D76,'Data Share Units'!T:T,'Data Share Units'!H:H),0) -> 0 | H76: =IFERROR(H75+F76,"") -> 0 | I76: =IFERROR(I75+G76,"") -> 0 | J76: 8.06 | O76: =IF(F76>0,"Enter Value",F76*T75) -> 0 | P76: =IF(G76>0,"Enter Value",G76*U75) -> 0 | R76: =IF(F76>0,R75+O76,IF(F76<0,R75+F76*T75,IF(O76=0,R75))) -> 0 | S76: =IF(G76>0,S75+P76+Q76,IF(G76<0,S75+G76*U75,IF(P76=0,S75))) -> 0 | T76: =IFERROR(R76/H76,0) -> 0 | U76: =IFERROR(S76/I76,0) -> 0 | V76: =IFERROR((R76+S76)/H76,0) -> 0 | W76: Gifts of shares take with them the average base cost of the shares held by the Transferor. The transferee should include the highlighted bold aggregate base cost in their own CGT calculation
B77: Cash shareholder sale | C77: 914 | D77: 915 | E77: 46101 | F77: =IFERROR(_xlfn.XLOOKUP(C77,'Data Share Units'!S:S,'Data Share Units'!G:G),0) -> 0 | G77: =IFERROR(_xlfn.XLOOKUP(D77,'Data Share Units'!T:T,'Data Share Units'!H:H),0) -> 0 | H77: =IFERROR(H76+F77,"") -> 0 | I77: =IFERROR(I76+G77,"") -> 0 | K77: =_xlfn.XLOOKUP(C77,'Data Share Units'!S:S,'Data Share Units'!I:I,0) -> 0 | L77: =_xlfn.XLOOKUP(D77,'Data Share Units'!T:T,'Data Share Units'!J:J,0) -> 0 | M77: =IFERROR(K77*F77,"") -> 0 | N77: =IFERROR(G77*L77,"") -> 0 | O77: =IF(F77>0,"Enter Value",F77*T76) -> 0 | P77: =IF(G77>0,"Enter Value",G77*U76) -> 0 | R77: =IF(F77>0,R76+O77,IF(F77<0,R76+F77*T76,IF(O77=0,R76))) -> 0 | S77: =IF(G77>0,S76+P77+Q77,IF(G77<0,S76+G77*U76,IF(P77=0,S76))) -> 0 | T77: =IFERROR(R77/H77,0) -> 0 | U77: =IFERROR(S77/I77,0) -> 0 | V77: =IFERROR((R77+S77)/H77,0) -> 0
B78: Rollover Notes sale | C78: 917 | D78: 918 | E78: 46101 | F78: =IFERROR(_xlfn.XLOOKUP(C78,'Data Share Units'!S:S,'Data Share Units'!G:G),0) -> 0 | G78: =IFERROR(_xlfn.XLOOKUP(D78,'Data Share Units'!T:T,'Data Share Units'!H:H),0) -> 0 | H78: =IFERROR(H77+F78,"") -> 0 | I78: =IFERROR(I77+G78,"") -> 0 | K78: =_xlfn.XLOOKUP(C78,'Data Share Units'!S:S,'Data Share Units'!I:I,0) -> 0 | L78: =_xlfn.XLOOKUP(D78,'Data Share Units'!T:T,'Data Share Units'!J:J,0) -> 0 | M78: =IFERROR(K78*F78,"") -> 0 | N78: =IFERROR(G78*L78,"") -> 0 | O78: =IF(F78>0,"Enter Value",F78*T77) -> 0 | P78: =IF(G78>0,"Enter Value",G78*U77) -> 0 | R78: =IFERROR(R77+O78,0) -> 0 | S78: =IFERROR(S77+P78,0) -> 0 | T78: =IFERROR(R78/H78,0) -> 0 | U78: =IFERROR(S78/I78,0) -> 0 | V78: =IFERROR((R78+S78)/H78,0) -> 0
B79: Direct Jacobs shares sale | C79: 920 | D79: 921 | E79: 46101 | F79: =IFERROR(_xlfn.XLOOKUP(C79,'Data Share Units'!S:S,'Data Share Units'!G:G),0) -> 0 | G79: =IFERROR(_xlfn.XLOOKUP(D79,'Data Share Units'!T:T,'Data Share Units'!H:H),0) -> 0 | H79: =IFERROR(H78+F79,"") -> 0 | I79: =IFERROR(I78+G79,"") -> 0 | K79: =_xlfn.XLOOKUP(C79,'Data Share Units'!S:S,'Data Share Units'!I:I,0) -> 0 | L79: =_xlfn.XLOOKUP(D79,'Data Share Units'!T:T,'Data Share Units'!J:J,0) -> 0 | M79: =IFERROR(K79*F79,"") -> 0 | N79: =IFERROR(G79*L79,"") -> 0 | O79: =IF(F79>0,"Enter Value",F79*T78) -> 0 | P79: =IF(G79>0,"Enter Value",G79*U78) -> 0 | R79: =IFERROR(R78+O79,0) -> 0 | S79: =IFERROR(S78+P79,0) -> 0 | T79: =IFERROR(R79/H79,0) -> 0 | U79: =IFERROR(S79/I79,0) -> 0 | V79: =IFERROR((R79+S79)/H79,0) -> 0
G82: Units comprised of: | H82: Number | I82: Aggregate base cost
G83: B Ordinary | H83: =H76 -> 0 | I83: =ROUND(R76,2) -> 0
G84: Preference | H84: =I76 -> 0 | I84: =ROUND(S76,2) -> 0 | J84: incl stamp duty
I85: =SUM(I83:I84) -> 0
B92: Stamp Duty
B93: Stamp Duty is calculated at 0.5% of the combined purchase value for the B Ordinary and Preference shares.
B94: The Stamp Duty cost has then been apportioned between the B Ordinary and Preference Shares.

Sheet C Share Pool
B1: Your C Share Pool
B2: Holder name: | D2: ='Data CShare'!C6 -> 0 | F2: Review and ensure you agree with all default entries below for your base cost. This is to ensure you report the correct base cost of the shares you sold on 20 March.
B3: Holder reference: | D3: ='Data CShare'!B6 -> 0
M4: =IF(K3="","",IF(M3="","PA’s Share Plans team will contact you to confirm your “leaver status” It may be some time after you have left PA before we can communicate your leaver status. ",""))
B5: Transaction | C5: Transaction ID C Ordinary | D5: Date | E5: C Shares bought or sold | F5: Purchase/ Sale Price per share GBP | G5: Aggregate Purchase/ Sale Price GBP | H5: Cumulative C Shares | I5: Cumulative Total cost GBP | J5: Average Cost per C Share GBP | L5: Capital Gains
L6: Total sale value | M6: Total Gains | N6: Year in which gains are reportable | Q6: Transaction ID C Ordinary 22 | R6: Transaction ID C Ordinary 23 | S6: Transaction ID C Ordinary 24
B7: Purchase | C7: 705 | D7: 44384 | E7: =IFERROR(_xlfn.XLOOKUP(C7,'Data CShare'!L:L,'Data CShare'!G:G),0) -> 0 | F7: =_xlfn.XLOOKUP(C7,'Data CShare'!L:L,'Data CShare'!I:I,0) -> 0 | G7: =E7*F7 -> 0 | H7: =E7 -> 0 | I7: =G7 -> 0 | J7: =IFERROR(I7/H7,0) -> 0
B8: =IF(E8<0,"Transfer to Spouse",IF(E8>0,"Transfer from spouse","Transfer")) -> Transfer | C8: 708 | D8: 44418 | E8: =IFERROR(_xlfn.XLOOKUP(C8,'Data CShare'!L:L,'Data CShare'!G:G),0) -> 0 | F8: =_xlfn.XLOOKUP(C8,'Data CShare'!L:L,'Data CShare'!I:I,0) -> 0 | G8: =IF(E8>0,E8*F8,E8*J7) -> 0 | H8: =IFERROR(SUM(E8+H7),0) -> 0 | I8: =I7+G8 -> 0 | J8: =IFERROR(I8/H8,0) -> 0
B9: Sale | C9: 711 | D9: 44540 | E9: =IFERROR(_xlfn.XLOOKUP(C9,'Data CShare'!L:L,'Data CShare'!H:H),0) -> 0 | F9: =_xlfn.XLOOKUP(C9,'Data CShare'!L:L,'Data CShare'!I:I,0) -> 0 | G9: =IF(E9>0,E9*F9,E9*J8) -> 0 | H9: =IFERROR(SUM(E9+H8),0) -> 0 | I9: =I8+G9 -> 0 | J9: =IFERROR(I9/H9,0) -> 0
B10: =IF(E10<0,"Transfer to Spouse",IF(E10>0,"Transfer from spouse","Transfer")) -> Transfer | C10: 719 | D10: 44553 | E10: =IFERROR(_xlfn.XLOOKUP(C10,'Data CShare'!L:L,'Data CShare'!H:H),0) -> 0 | F10: =_xlfn.XLOOKUP(C10,'Data CShare'!L:L,'Data CShare'!I:I,0) -> 0 | G10: =IF(E10>0,E10*F10,E10*J9) -> 0 | H10: =IFERROR(SUM(E10+H9),0) -> 0 | I10: =I9+G10 -> 0 | J10: =IFERROR(I10/H10,0) -> 0
B11: =IF(E11<0,"Transfer to Spouse",IF(E11>0,"Transfer from spouse","Transfer")) -> Transfer | C11: 722 | D11: 44624 | E11: =IFERROR(_xlfn.XLOOKUP(C11,'Data CShare'!L:L,'Data CShare'!G:G),0) -> 0 | F11: =_xlfn.XLOOKUP(C11,'Data CShare'!L:L,'Data CShare'!I:I,0) -> 0 | G11: =IF(E11>0,E11*F11,E11*J10) -> 0 | H11: =IFERROR(SUM(E11+H10),0) -> 0 | I11: =I10+G11 -> 0 | J11: =IFERROR(I11/H11,0) -> 0
B12: Purchase | C12: 737 | D12: 44734 | E12: =IFERROR(_xlfn.XLOOKUP(C12,'Data CShare'!L:L,'Data CShare'!G:G),0) -> 0 | F12: =_xlfn.XLOOKUP(C12,'Data CShare'!L:L,'Data CShare'!I:I,0) -> 0 | G12: =IF(E12>0,E12*F12,E12*J11) -> 0 | H12: =IFERROR(SUM(E12+H11),0) -> 0 | I12: =I11+G12 -> 0 | J12: =IFERROR(I12/H12,0) -> 0
B13: Sale | C13: 738 | D13: 44734 | E13: =IFERROR(_xlfn.XLOOKUP(C13,'Data CShare'!L:L,'Data CShare'!H:H),0) -> 0 | F13: =_xlfn.XLOOKUP(C13,'Data CShare'!L:L,'Data CShare'!I:I,0) -> 0 | G13: =IF(E13>0,E13*F13,E13*J12) -> 0 | H13: =IFERROR(SUM(E13+H12),0) -> 0 | I13: =I12+G13 -> 0 | J13: =IFERROR(I13/H13,0) -> 0
B14: =IF(E14<0,"Transfer to Spouse",IF(E14>0,"Transfer from spouse","Transfer")) -> Transfer | C14: 741 | D14: 44753 | E14: =IFERROR(_xlfn.XLOOKUP(C14,'Data CShare'!L:L,'Data CShare'!G:G),0) -> 0 | F14: =_xlfn.XLOOKUP(C14,'Data CShare'!L:L,'Data CShare'!I:I,0) -> 0 | G14: =IF(E14>0,E14*F14,E14*J13) -> 0 | H14: =IFERROR(SUM(E14+H13),0) -> 0 | I14: =I13+G14 -> 0 | J14: =IFERROR(I14/H14,0) -> 0
B15: =IF(E15<0,"Transfer to Spouse",IF(E15>0,"Transfer from spouse","Transfer")) -> Transfer | C15: 744 | D15: 44876 | E15: =IFERROR(_xlfn.XLOOKUP(C15,'Data CShare'!L:L,'Data CShare'!G:G),0) -> 0 | F15: =_xlfn.XLOOKUP(C15,'Data CShare'!L:L,'Data CShare'!I:I,0) -> 0 | G15: =IF(E15>0,E15*F15,E15*J14) -> 0 | H15: =IFERROR(SUM(E15+H14),0) -> 0 | I15: =I14+G15 -> 0 | J15: =IFERROR(I15/H15,0) -> 0
B16: Sale | C16: 747 | D16: 44910 | E16: =IFERROR(_xlfn.XLOOKUP(C16,'Data CShare'!L:L,'Data CShare'!H:H),0) -> 0 | F16: =_xlfn.XLOOKUP(C16,'Data CShare'!L:L,'Data CShare'!I:I,0) -> 0 | G16: =IF(E16>0,E16*F16,E16*J15) -> 0 | H16: =IFERROR(SUM(E16+H15),0) -> 0 | I16: =I15+G16 -> 0 | J16: =IFERROR(I16/H16,0) -> 0
B17: Sale | C17: 753 | D17: 44979 | E17: =IFERROR(_xlfn.XLOOKUP(C17,'Data CShare'!L:L,'Data CShare'!H:H),0) -> 0 | F17: =_xlfn.XLOOKUP(C17,'Data CShare'!L:L,'Data CShare'!I:I,0) -> 0 | G17: =IF(E17>0,E17*F17,E17*J16) -> 0 | H17: =IFERROR(SUM(E17+H16),0) -> 0 | I17: =I16+G17 -> 0 | J17: =IFERROR(I17/H17,0) -> 0
B18: Transfer | C18: 759 | D18: 45016 | E18: =IFERROR(_xlfn.XLOOKUP(C18,'Data CShare'!L:L,'Data CShare'!G:G),0) -> 0 | F18: =_xlfn.XLOOKUP(C18,'Data CShare'!L:L,'Data CShare'!I:I,0) -> 0 | G18: =IF(E18>0,E18*F18,E18*J17) -> 0 | H18: =IFERROR(SUM(E18+H17),0) -> 0 | I18: =I17+G18 -> 0 | J18: =IFERROR(I18/H18,0) -> 0
B19: Purchase | C19: 773 | D19: 45065 | E19: =IFERROR(_xlfn.XLOOKUP(C19,'Data CShare'!L:L,'Data CShare'!G:G),0) -> 0 | F19: =_xlfn.XLOOKUP(C19,'Data CShare'!L:L,'Data CShare'!I:I,0) -> 0 | G19: =IF(E19>0,E19*F19,E19*J18) -> 0 | H19: =IFERROR(SUM(E19+H18),0) -> 0 | I19: =I18+G19 -> 0 | J19: =IFERROR(I19/H19,0) -> 0
B20: Sale | C20: 772 | D20: 45065 | E20: =IFERROR(_xlfn.XLOOKUP(C20,'Data CShare'!L:L,'Data CShare'!H:H),0) -> 0 | F20: =_xlfn.XLOOKUP(C20,'Data CShare'!L:L,'Data CShare'!I:I,0) -> 0 | G20: =IF(E20>0,E20*F20,E20*J19) -> 0 | H20: =IFERROR(SUM(E20+H19),0) -> 0 | I20: =I19+G20 -> 0 | J20: =IFERROR(I20/H20,0) -> 0
B21: Purchase | C21: 774 | D21: 45078 | E21: =IFERROR(_xlfn.XLOOKUP(C21,'Data CShare'!L:L,'Data CShare'!G:G),0) -> 0 | F21: =_xlfn.XLOOKUP(C21,'Data CShare'!L:L,'Data CShare'!I:I,0) -> 0 | G21: =IF(E21>0,E21*F21,E21*J20) -> 0 | H21: =IFERROR(SUM(E21+H20),0) -> 0 | I21: =I20+G21 -> 0 | J21: =IFERROR(I21/H21,0) -> 0
B22: Purchase | C22: 780 | D22: 45103 | E22: =IFERROR(_xlfn.XLOOKUP(C22,'Data CShare'!L:L,'Data CShare'!G:G),0) -> 0 | F22: =_xlfn.XLOOKUP(C22,'Data CShare'!L:L,'Data CShare'!I:I,0) -> 0 | G22: =IF(E22>0,E22*F22,E22*J21) -> 0 | H22: =IFERROR(SUM(E22+H21),0) -> 0 | I22: =I21+G22 -> 0 | J22: =IFERROR(I22/H22,0) -> 0
B23: Transfer | C23: 784 | D23: 45124 | E23: =IFERROR(_xlfn.XLOOKUP(C23,'Data CShare'!L:L,'Data CShare'!G:G),0) -> 0 | F23: =_xlfn.XLOOKUP(C23,'Data CShare'!L:L,'Data CShare'!I:I,0) -> 0 | G23: =IF(E23>0,E23*F23,E23*J22) -> 0 | H23: =IFERROR(SUM(E23+H22),0) -> 0 | I23: =I22+G23 -> 0 | J23: =IFERROR(I23/H23,0) -> 0
B24: Sale | C24: 791 | D24: 45191 | E24: =IFERROR(_xlfn.XLOOKUP(C24,'Data CShare'!L:L,'Data CShare'!H:H),0) -> 0 | F24: =_xlfn.XLOOKUP(C24,'Data CShare'!L:L,'Data CShare'!I:I,0) -> 0 | G24: =IF(E24>0,E24*F24,E24*J23) -> 0 | H24: =IFERROR(SUM(E24+H23),0) -> 0 | I24: =I23+G24 -> 0 | J24: =IFERROR(I24/H24,0) -> 0 | Q24: 793 | R24: 794
B25: Sale | C25: 799 | D25: 45261 | E25: =IFERROR(_xlfn.XLOOKUP(C25,'Data CShare'!L:L,'Data CShare'!H:H),0) -> 0 | F25: =_xlfn.XLOOKUP(C25,'Data CShare'!L:L,'Data CShare'!I:I,0) -> 0 | G25: =IF(E25>0,E25*F25,E25*J24) -> 0 | H25: =IFERROR(SUM(E25+H24),0) -> 0 | I25: =I24+G25 -> 0 | J25: =IFERROR(I25/H25,0) -> 0 | Q25: 800 | R25: 801
B26: Transfer | C26: 805 | D26: 45257 | E26: =IFERROR(_xlfn.XLOOKUP(C26,'Data CShare'!L:L,'Data CShare'!G:G),0) -> 0 | F26: =_xlfn.XLOOKUP(C26,'Data CShare'!L:L,'Data CShare'!I:I,0) -> 0 | G26: =IF(E26>0,E26*F26,E26*J25) -> 0 | H26: =IFERROR(SUM(E26+H25),0) -> 0 | I26: =I25+G26 -> 0 | J26: =IFERROR(I26/H26,0) -> 0
B27: Sale | C27: 806 | D27: 45274 | E27: =IFERROR(_xlfn.XLOOKUP(C27,'Data CShare'!L:L,'Data CShare'!H:H),0) -> 0 | F27: =_xlfn.XLOOKUP(C27,'Data CShare'!L:L,'Data CShare'!I:I,0) -> 0 | G27: =IF(E27>0,E27*F27,E27*J26) -> 0 | H27: =IFERROR(SUM(E27+H26),0) -> 0 | I27: =I26+G27 -> 0 | J27: =IFERROR(I27/H27,0) -> 0 | Q27: 807 | R27: 808
B28: Purchase | C28: 821 | D28: 45447 | E28: =IFERROR(_xlfn.XLOOKUP(C28,'Data CShare'!L:L,'Data CShare'!G:G),0) -> 0 | F28: =_xlfn.XLOOKUP(C28,'Data CShare'!L:L,'Data CShare'!I:I,0) -> 0 | G28: =IF(E28>0,E28*F28,E28*J27) -> 0 | H28: =IFERROR(SUM(E28+H27),0) -> 0 | I28: =I27+G28 -> 0 | J28: =IFERROR(I28/H28,0) -> 0
B29: Sale | C29: 822 | D29: 45447 | E29: =IFERROR(_xlfn.XLOOKUP(C29,'Data CShare'!L:L,'Data CShare'!H:H),0) -> 0 | F29: =_xlfn.XLOOKUP(C29,'Data CShare'!L:L,'Data CShare'!I:I,0) -> 0 | G29: =IF(E29>0,E29*F29,E29*J28) -> 0 | H29: =IFERROR(SUM(E29+H28),0) -> 0 | I29: =I28+G29 -> 0 | J29: =IFERROR(I29/H29,0) -> 0 | Q29: 823 | R29: 824
B30: Purchase | C30: 825 | D30: 45461 | E30: =IFERROR(_xlfn.XLOOKUP(C30,'Data CShare'!L:L,'Data CShare'!G:G),0) -> 0 | F30: =_xlfn.XLOOKUP(C30,'Data CShare'!L:L,'Data CShare'!I:I,0) -> 0 | G30: =IF(E30>0,E30*F30,E30*J29) -> 0 | H30: =IFERROR(SUM(E30+H29),0) -> 0 | I30: =I29+G30 -> 0 | J30: =IFERROR(I30/H30,0) -> 0
B31: Purchase | C31: 827 | D31: 45467 | E31: =IFERROR(_xlfn.XLOOKUP(C31,'Data CShare'!L:L,'Data CShare'!G:G),0) -> 0 | F31: =_xlfn.XLOOKUP(C31,'Data CShare'!L:L,'Data CShare'!I:I,0) -> 0 | G31: =IF(E31>0,E31*F31,E31*J30) -> 0 | H31: =IFERROR(SUM(E31+H30),0) -> 0 | I31: =I30+G31 -> 0 | J31: =IFERROR(I31/H31,0) -> 0
B32: Transfer | C32: 831 | D32: 45477 | E32: =IFERROR(_xlfn.XLOOKUP(C32,'Data CShare'!L:L,'Data CShare'!G:G),0) -> 0 | F32: =_xlfn.XLOOKUP(C32,'Data CShare'!L:L,'Data CShare'!I:I,0) -> 0 | G32: =IF(E32>0,E32*F32,E32*J31) -> 0 | H32: =IFERROR(SUM(E32+H31),0) -> 0 | I32: =I31+G32 -> 0 | J32: =IFERROR(I32/H32,0) -> 0
B33: Sale | C33: 836 | D33: 45555 | E33: =IFERROR(_xlfn.XLOOKUP(C33,'Data CShare'!L:L,'Data CShare'!H:H),0) -> 0 | F33: =_xlfn.XLOOKUP(C33,'Data CShare'!L:L,'Data CShare'!I:I,0) -> 0 | G33: =IF(E33>0,E33*F33,E33*J32) -> 0 | H33: =IFERROR(SUM(E33+H32),0) -> 0 | I33: =I32+G33 -> 0 | J33: =IFERROR(I33/H33,0) -> 0 | Q33: 837 | R33: 838 | S33: 839
B34: Transfer | C34: 845 | D34: 45568 | E34: =IFERROR(_xlfn.XLOOKUP(C34,'Data CShare'!L:L,'Data CShare'!G:G),0) -> 0 | F34: =_xlfn.XLOOKUP(C34,'Data CShare'!L:L,'Data CShare'!I:I,0) -> 0 | G34: =IF(E34>0,E34*F34,E34*J33) -> 0 | H34: =IFERROR(SUM(E34+H33),0) -> 0 | I34: =I33+G34 -> 0 | J34: =IFERROR(I34/H34,0) -> 0
B35: Transfer | C35: 848 | D35: 45590 | E35: =IFERROR(_xlfn.XLOOKUP(C35,'Data CShare'!L:L,'Data CShare'!G:G),0) -> 0 | F35: =_xlfn.XLOOKUP(C35,'Data CShare'!L:L,'Data CShare'!I:I,0) -> 0 | G35: =IF(E35>0,E35*F35,E35*J34) -> 0 | H35: =IFERROR(SUM(E35+H34),0) -> 0 | I35: =I34+G35 -> 0 | J35: =IFERROR(I35/H35,0) -> 0
B36: Sale | C36: 856 | D36: 45643 | E36: =IFERROR(_xlfn.XLOOKUP(C36,'Data CShare'!L:L,'Data CShare'!H:H),0) -> 0 | F36: =_xlfn.XLOOKUP(C36,'Data CShare'!L:L,'Data CShare'!I:I,0) -> 0 | G36: =IF(E36>0,E36*F36,E36*J35) -> 0 | H36: =IFERROR(SUM(E36+H35),0) -> 0 | I36: =I35+G36 -> 0 | J36: =IFERROR(I36/H36,0) -> 0 | Q36: 857 | R36: 858 | S36: 859
B37: Sale | C37: 864 | D37: 45716 | E37: =IFERROR(_xlfn.XLOOKUP(C37,'Data CShare'!L:L,'Data CShare'!H:H),0) -> 0 | F37: =_xlfn.XLOOKUP(C37,'Data CShare'!L:L,'Data CShare'!I:I,0) -> 0 | G37: =IF(E37>0,E37*F37,E37*J36) -> 0 | H37: =IFERROR(SUM(E37+H36),0) -> 0 | I37: =I36+G37 -> 0 | J37: =IFERROR(I37/H37,0) -> 0
B38: Transfer | C38: 870 | D38: 45741 | E38: =IFERROR(_xlfn.XLOOKUP(C38,'Data CShare'!L:L,'Data CShare'!G:G),0) -> 0 | F38: =_xlfn.XLOOKUP(C38,'Data CShare'!L:L,'Data CShare'!I:I,0) -> 0 | G38: =IF(E38>0,E38*F38,E38*J37) -> 0 | H38: =IFERROR(SUM(E38+H37),0) -> 0 | I38: =I37+G38 -> 0 | J38: =IFERROR(I38/H38,0) -> 0
B39: Sale | C39: 875 | D39: 45824 | E39: =IFERROR(_xlfn.XLOOKUP(C39,'Data CShare'!L:L,'Data CShare'!H:H),0) -> 0 | F39: =_xlfn.XLOOKUP(C39,'Data CShare'!L:L,'Data CShare'!I:I,0) -> 0 | G39: =IF(E39>0,E39*F39,E39*J38) -> 0 | H39: =IFERROR(SUM(E39+H38),0) -> 0 | I39: =I38+G39 -> 0 | J39: =IFERROR(I39/H39,0) -> 0 | Q39: 876 | R39: 877 | S39: 878
B40: Sale | C40: 888 | D40: 45919 | E40: =IFERROR(_xlfn.XLOOKUP(C40,'Data CShare'!L:L,'Data CShare'!H:H),0) -> 0 | F40: =_xlfn.XLOOKUP(C40,'Data CShare'!L:L,'Data CShare'!I:I,0) -> 0 | G40: =IF(E40>0,E40*F40,E40*J39) -> 0 | H40: =IFERROR(SUM(E40+H39),0) -> 0 | I40: =I39+G40 -> 0 | J40: =IFERROR(I40/H40,0) -> 0 | Q40: 889 | R40: 890 | S40: 891
B41: Sale | D41: 45973 | E41: =IFERROR(_xlfn.XLOOKUP(C41,'Data CShare'!L:L,'Data CShare'!H:H),0) -> 0 | F41: =_xlfn.XLOOKUP(C41,'Data CShare'!L:L,'Data CShare'!I:I,0) -> 0 | G41: =IF(E41>0,E41*F41,E41*J40) -> 0 | H41: =IFERROR(SUM(E41+H40),0) -> 0 | I41: =I40+G41 -> 0 | J41: =IFERROR(I41/H41,0) -> 0 | S41: 899
B42: Sale | C42: 907 | D42: 46045 | E42: =IFERROR(_xlfn.XLOOKUP(C42,'Data CShare'!L:L,'Data CShare'!H:H),0) -> 0 | F42: =_xlfn.XLOOKUP(C42,'Data CShare'!L:L,'Data CShare'!I:I,0) -> 0 | G42: =IF(E42>0,E42*F42,E42*J41) -> 0 | H42: =IFERROR(SUM(E42+H41),0) -> 0 | I42: =I41+G42 -> 0 | J42: =IFERROR(I42/H42,0) -> 0 | Q42: 908 | R42: 909 | S42: 910
B43: Sale | D43: 46101 | E43: =IFERROR(_xlfn.XLOOKUP(C43,'Data CShare'!L:L,'Data CShare'!H:H),0) -> 0 | F43: =_xlfn.XLOOKUP(C43,'Data CShare'!L:L,'Data CShare'!I:I,0) -> 0 | G43: =IF(E43>0,E43*F43,E43*J42) -> 0 | H43: =IFERROR(SUM(E43+H42),0) -> 0 | I43: =I42+G43 -> 0 | J43: =IFERROR(I43/H43,0) -> 0 | Q43: 916 | R43: 919 | S43: 922
B44: Cash shareholder sale | C44: 916 | D44: 46101 | E44: =IFERROR(_xlfn.XLOOKUP(C44,'Data CShare'!L:L,'Data CShare'!H:H),0) -> 0 | F44: =_xlfn.XLOOKUP(C44,'Data CShare'!L:L,'Data CShare'!I:I,0) -> 0 | G44: =IF(E44>0,E44*F44,E44*J43) -> 0 | H44: =IFERROR(SUM(E44+H43),0) -> 0 | I44: =I43+G44 -> 0 | J44: =IFERROR(I44/H44,0) -> 0
B45: Rollover Notes sale | C45: 919 | D45: 46101 | E45: {=IFERROR(_xlfn.XLOOKUP(C45,'Data CShare'!L:L,-'Data CShare'!H:H),0)} -> 0 | F45: =_xlfn.XLOOKUP(C45,'Data CShare'!L:L,'Data CShare'!I:I,0) -> 0 | G45: =IF(E45>0,E45*F45,E45*J44) -> 0 | H45: =IFERROR(SUM(E45+H44),0) -> 0 | I45: =I44+G45 -> 0 | J45: =IFERROR(I45/H45,0) -> 0
B46: Direct Jacobs shares sale | C46: 922 | D46: 46101 | E46: =IFERROR(_xlfn.XLOOKUP(C46,'Data CShare'!L:L,'Data CShare'!H:H),0) -> 0 | F46: =_xlfn.XLOOKUP(C46,'Data CShare'!L:L,'Data CShare'!I:I,0) -> 0 | G46: =IF(E46>0,E46*F46,E46*J45) -> 0 | H46: =IFERROR(SUM(E46+H45),0) -> 0 | I46: =I45+G46 -> 0 | J46: =IFERROR(I46/H46,0) -> 0
G51: Share | H51: Number | I51: Aggregate base cost
G52: C Ordinary | H52: =H42 -> 0 | I52: =ROUND(I42,2) -> 0

Sheet 20 March 2026 Sale

Sheet Data Share Units

Sheet Data CShare
B2: Your PA C Ordinary Share history
B3: This report shows the market value of PA shares at the time you made any transaction. These prices may be different from how you calculated base cost for capital gain tax purposes.
B5: BSID | C5: Holder name | D5: COMPANY NAME | E5: TRANSACTION DATE | F5: TRANSACTION NAME | G5: PURCHASES | H5: SALES | I5: PRICE GBP | J5: COST / PROCEEDS GBP | K5: CUMULATIVE SHARE UNITS | L5: TRANSACTION SUMMARY ID
